 Dungeon Crawl Stone Soup version 0.30-a0-145-g03d90e2e6d (webtiles) character file.

Game seed: 17851741577424710416

508314 qw the Slayer (level 25, -2/180 HPs)
             Began as a Gargoyle Fighter on Sept 26, 2022.
             Was a High Priest of Okawaru.
             Killed by divine providence
             ... invoked by a white draconian stormcaller
              (11 damage)
             ... on level 4 of the Realm of Zot.
             The game lasted 00:31:24 (55762 turns).

qw the Slayer (Gargoyle Fighter)                   Turns: 55762, Time: 00:31:25

Health: -2/180     AC: 73    Str: 35 (36) XL:     25   Next: 5%
Magic:  29/30      EV: 18    Int: 12      God:    Okawaru [*****.]
Gold:   1574       SH: 29    Dex:  6      Spells: 24/24 levels left

rFire   + + .      SeeInvis +    s - +9 war axe (vamp)
rCold   + + +      Faith    .    y - +2 tower shield "Jaebeos" {*Corrode rF+++ Will+++ Int+4}
rNeg    + + +      Spirit   .    V - +9 ice dragon scales of Moral Flaws {Rampage rPois rF- rC++ SInv}
rPois   inf        Reflect  +    p - +2 helmet {Int+3}
rElec   +          Harm     .    D - +4 dragonskin cloak
rCorr   +          Rampage  +    g - +2 pair of gloves
Will    ++++.                    A - +3 pair of boots of the Prince of Darkness {Str+4}
Stlth   +.........               k - amulet of reflection
HPRegen 0.40/turn                z - ring of Qeushrual {rElec rN++ rCorr EV+4 Int-3}
MPRegen 0.22/turn                W - ring "Icynaju" {rC+ rN+ rCorr AC+4 Int-4}

@: about to teleport, heroic, flying
A: sickness immunity, AC +19, big wings, negative energy resistance 1,
electricity resistance, torment resistance 1, petrification resistance,
iridescent scales 1, clumsy 1, deterioration 1, strong 1, wild magic 1
}: 3/15 runes: decaying, silver, gossamer
a: Renounce Religion, Heroism, Finesse, Duel


You were on level 4 of the Realm of Zot.
You worshipped Okawaru.
Okawaru was extremely pleased with you.
You visited 9 branches of the dungeon, and saw 44 of its levels.
You visited 1 bazaar.
You also visited: Desolation.

You collected 6900 gold pieces.
You spent 5326 gold pieces at shops.


Innate Abilities, Weirdness & Mutations

You are immune to sickness and miasma.
Your stone body is resilient. (AC +19)
You are immune to poison.
Your large and strong wings let you fly.
You resist negative energy. (rN+)
You are resistant to electric shocks. (rElec)
You are resistant to unholy torment.
You are immune to petrification.
You are partially covered in iridescent scales. (AC +2)
You are clumsy. (Dex -2)
Your body sometimes deteriorates upon taking damage.
Your muscles are strong. (Str +4, Int/Dex -1)
Your spells are a little harder to cast, but a little more powerful.


   Skills:
 + Level 24.9(27) Fighting
 - Level 16.0(21.0) Axes
 - Level 14.0(19.0) Throwing
 - Level 21.0(26.0) Armour
 - Level 10.0(15.0) Dodging
 - Level 22.0(27) Shields
 - Level 10.0 Invocations


You had 24 spell levels left.
You didn't know any spells.
Your spell library was empty.

Inventory:

Hand Weapons
 h - the +14 obsidian axe {vorpal, Mesm Drain Fly SInv}
   (Okawaru gifted it to you on level 1 of the Vaults)

   It inflicts extra damage upon your enemies.
   It occasionally summons demons to assist the wielder when it strikes in
   combat.
   Its wielder is mesmerised by any visible foes.
   It cannot be unequipped while any foes are visible.
   SInv:      It lets you see invisible.
   Fly:       It grants you flight.
   Drain:     It drains your maximum health when unequipped.
 s - a +9 vampiric war axe (weapon)
Missiles
 r - 12 javelins (quivered)
 t - a silver boomerang
 u - 4 silver javelins
 B - 4 boomerangs
 Q - 6 boomerangs of dispersal
Armour
 c - a +2 tower shield
 g - a +2 pair of gloves (worn)
 p - a +2 helmet of intelligence (worn)
 y - the +2 tower shield "Jaebeos" (worn) {*Corrode rF+++ Will+++ Int+4}
   (You took it off Mennas on level 5 of the Vaults)

   Int:       It affects your intelligence (+4).
   rF:        It renders you almost immune to fire.
   *Corrode:  It may corrode you when you take damage.
   Will:      It greatly increases your willpower.
 A - the +3 pair of boots of the Prince of Darkness (worn) {Str+4}
   (You found it on level 3 of the Spider Nest)

   Str:       It affects your strength (+4).
 D - the +4 dragonskin cloak (worn)
   (You took it off Tiamat on level 1 of the Realm of Zot)

   It grants the wearer a chance to resist fire, cold, poison, electricity,
   acid, and negative energy.
 E - the +3 hat of Pondering {ponderous, Will+ MP+10 Int+5}
   (You found it on level 1 of the Spider Nest)

   Int:       It affects your intelligence (+5).
   MP:        It affects your magic capacity (+10).
   Will:      It increases your willpower.
 H - +7 gold dragon scales
 O - the +0 plate armour "Sini" {rCorr Dex+4 Stlth+}
   (You found it in the Desolation of Salt)

   Dex:       It affects your dexterity (+4).
   rCorr:     It protects you from acid and corrosion.
   Stlth:     It makes you more stealthy.
 U - a scarf of resistance
 V - the +9 ice dragon scales of Moral Flaws (worn) {Rampage rPois rF- rC++ SInv}
   (You found it on level 5 of the Vaults)

   rF:        It makes you vulnerable to fire.
   rC:        It greatly protects you from cold.
   rPois:     It protects you from poison.
   SInv:      It lets you see invisible.
   Rampage:   It bestows one free step when moving towards enemies.
Jewellery
 k - an amulet of reflection (around neck)
 n - the ring "Kil Jik" {rPois Will+ Dex+6}
   (You found it on level 15 of the Dungeon)

   [ring of dexterity]

   Dex:       It affects your dexterity (+6).
   rPois:     It protects you from poison.
   Will:      It increases your willpower.
 x - the ring of the Raven {rElec rC+ rN+}
   (You found it in the Desolation of Salt)

   [ring of protection from cold]

   rC:        It protects you from cold.
   rElec:     It insulates you from electricity.
   rN:        It protects you from negative energy.
 z - the ring of Qeushrual (left hand) {rElec rN++ rCorr EV+4 Int-3}
   (You bought it in a shop on level 1 of the Depths)

   [ring of evasion]

   EV:        It affects your evasion (+4).
   Int:       It affects your intelligence (-3).
   rElec:     It insulates you from electricity.
   rN:        It greatly protects you from negative energy.
   rCorr:     It protects you from acid and corrosion.
 C - the ring "Ytihimuq" {rPois Will+ Dex+2 SInv}
   (You took it off an imperial myrmidon in the Desolation of Salt)

   [ring of see invisible]

   Dex:       It affects your dexterity (+2).
   rPois:     It protects you from poison.
   SInv:      It lets you see invisible.
   Will:      It increases your willpower.
 F - a ring of protection from fire
 K - the amulet of Dituuw {Faith rF+ rC+}
   (You found it on level 4 of the Spider Nest)

   [amulet of faith]

   It allows you to gain divine favour quickly.
   rF:        It protects you from fire.
   rC:        It protects you from cold.
 P - the ring "Tetiq" {rF+ Str+3 Int-5 SInv}
   (You found it in the Desolation of Salt)

   [ring of see invisible]

   Str:       It affects your strength (+3).
   Int:       It affects your intelligence (-5).
   rF:        It protects you from fire.
   SInv:      It lets you see invisible.
 T - the amulet of Keobri {RegenMP rPois rC++}
   (You took it off a vault warden on level 5 of the Vaults)

   [amulet of magic regeneration]

   It increases your rate of magic regeneration.
   rC:        It greatly protects you from cold.
   rPois:     It protects you from poison.
 W - the ring "Icynaju" (right hand) {rC+ rN+ rCorr AC+4 Int-4}
   (You acquired it on level 5 of the Vaults)

   [ring of protection]

   AC:        It affects your AC (+4).
   Int:       It affects your intelligence (-4).
   rC:        It protects you from cold.
   rN:        It protects you from negative energy.
   rCorr:     It protects you from acid and corrosion.
Scrolls
 a - a scroll of teleportation
 b - 3 scrolls of brand weapon
 q - 2 scrolls of enchant armour
 w - 21 scrolls of identify
 M - 5 scrolls of enchant weapon
Potions
 d - 5 potions of might
 e - 11 potions of mutation
 f - 3 potions of cancellation
 i - 8 potions of resistance
 j - 9 potions of attraction
 m - 11 potions of lignification
 o - 10 potions of haste
 v - 20 potions of curing
 I - 2 potions of magic

Dungeon Overview and Level Annotations

Branches:
Dungeon (15/15)            Temple (1/1) D:4            Lair (5/5) D:10
  Swamp (4/4) Lair:2       Spider (4/4) Lair:3        Slime (0/5) Lair:4
    Orc (2/2) D:10            Elf (0/3) Orc:2        Vaults (5/5) D:14
  Crypt (0/3) Vaults:2     Depths (4/4) D:15            Zot (4/5) Depths:4
Desolation (visited)

Altars:
Ashenzari
Cheibriados
Dithmenos
Elyvilon
Fedhas
Gozag
Hepliaklqana
Kikubaaqudgha
Makhleb
Nemelex Xobeh
Okawaru
Qazlal
Ru
Sif Muna
Trog
Uskayaw
Vehumet
Wu Jian
Xom
Yredelemnul
Zin
The Shining One

Shops:
D:4 ?   D:7 (   D:8 ?   Orc:2 !!=[*   Vaults:3 (   Depths:1 =::   Depths:4 (

Portals:
Hell: Depths:1 Depths:2 Depths:3 Depths:4
Abyss: Depths:3 Depths:4
Pandemonium: Depths:2 Depths:4
Ziggurat: Depths:4

Annotations:
Lair:1 2 transporters
Lair:5 2 runed translucent doors
Vaults:4 2 transporters


Message History

The death drake's corpse disappears in a puff of smoke!
You hit the death drake but do no damage.
You barely miss the death drake. You block the death drake's attack. x2
You slash the death drake!
The death drake is severely wounded.
You miss the death drake.
You feel like a meek peon again.
The white draconian stormcaller prays to Qazlal.
55756 ||| INVOKING Heroism.
You gain the combat prowess of a mighty hero.
You block the death drake's attack. The death drake closely misses you.
You block the death drake's attack.
You closely miss the death drake.
The death drake is severely wounded.
You barely miss the death drake. You closely miss the wind drake.
You slice the komodo dragon!! You block the death drake's attack. x2
The wind drake bites you but does no damage.
You slash the death drake!
The death drake is almost dead.
You hit the death drake but do no damage.
You slice the wind drake!! You hit the komodo dragon.
Your surroundings suddenly seem different.
The red draconian scorcher roars!
The white draconian stormcaller roars!
You hear a roar!
55759 ||| READING 2 scrolls of teleportation.
As you read the scroll of teleportation, it crumbles to dust.
You feel strangely unstable.
You feel the Orb delaying your translocation!
The white draconian stormcaller calls down the wrath of Qazlal upon you.
Qazlal smites you!
The white draconian stormcaller prays to Qazlal.
A death drake comes into view.
Found a hand axe.
The red draconian scorcher casts a spell at you.
The sphere of damnation explodes!
The damnation engulfs you!!
The white draconian stormcaller invokes the aid of Qazlal against you.
Qazlal smites you!
You die...

#...)[## .# #...)..## #
..# #...)...## .
...###### ##...#...# .
........## ######... .
.)......}#### ##.. .
............# ##. .
...###......# ## .
......#q#.@....# #....#
# .
###...###.......##....#
.
#q#......k...........#
.
###........##.#......#
. ........####
#.#)...## ..k.....#q##
#......#
........#######......#
###..................#
#q#....l...##...##..##


You could see a white draconian stormcaller, a red draconian scorcher and a
death drake (summoned).

Vanquished Creatures
  Tiamat (Zot:1)
  An ancient lich (Vaults:5)
  An orb of fire (Zot:2)
  Mennas (Vaults:5)
  Parghit (Zot:3)
  Margery (Vaults:2)
  Bai Suzhen (Spider:3)
  2 curse toes
  Xtahua (Vaults:5)
  A caustic shrike (Depths:2)
  6 golden dragons
  Nikola (Depths:1)
  A bone dragon (Depths:4)
  2 electric golems
  11 tentacled monstrosities
  Rupert (D:15)
  11 titans
  8 liches
  3 quicksilver dragons
  Kirke (Swamp:1)
  4 death cobs
  Agnes (Spider:4)
  6 sphinxes
  6 shadow dragons
  15 storm dragons
  5 draconian monks
  A fenstrider witch (Swamp:4)
  5 tengu reavers
  7 draconian knights
  4 emperor scorpions
  Aizul (Spider:3)
  2 iron dragons
  A deep elf sorcerer (Vaults:5)
  16 fire giants
  3 imperial myrmidons (Desolation)
  7 frost giants
  5 ghost moths
  3 balrugs
  Louise (Spider:1)
  16 vault wardens
  A juggernaut zombie (D:15)
  7 draconian scorchers
  3 draconian stormcallers
  6 draconian shifters
  2 orc warlords
  13 ironbound preservers
  A reaper (Depths:2)
  9 draconian annihilators
  7 ironbound thunderhulks
  10 stone giants
  3 war gargoyles
  15 very ugly things
  3 vampire knights
  2 spriggan defenders
  8 green draconians
  11 yellow draconians
  15 black draconians
  2 deep elf annihilators (Vaults:5)
  8 eleionomae
  4 bunyips
  A lorocyproca (Depths:4)
  Azrael (D:12)
  15 red draconians
  6 spark wasps
  10 white draconians
  4 dire elephants
  9 purple draconians
  A blizzard demon (Depths:2)
  Snorg (D:13)
  7 ettins
  2 entropy weavers
  2 shambling mangroves (Swamp:3)
  Josephine (D:15)
  9 fire dragons
  2 green deaths (Swamp:4)
  2 crystal guardians
  3 great orbs of eyes
  3 deep elf high priests (Vaults:5)
  Fannar (Lair:1)
  31 vault guards
  7 ice dragons
  Erolcha (D:10)
  13 hydras
  4 ragged hierophants (Desolation)
  25 yaktaur captains
  2 rakshasas (Depths:2)
  2 spriggan air magi
  A hell beast (Depths:2)
  8 peacekeepers
  4 servants of whispers (Desolation)
  10 centaur warriors
  3 ghost crabs
  9 ironbound frosthearts
  A jorogumo (Spider:4)
  7 alligators
  An anaconda (shapeshifter) (Vaults:5)
  2 radroaches
  A two-headed ogre (D:10)
  4 boulder beetles
  4 tengu warriors
  4 hell hogs (Depths:3)
  A thrashing horror (Swamp:4)
  7 deep troll earth magi
  A vampire mage (D:15)
  9 death yaks
  8 deep troll shamans
  2 spriggan berserkers
  4 orc high priests (Orc:2)
  2 sun demons
  21 hell knights
  3 soul eaters (Depths:3)
  2 large abominations (Swamp:4)
  Nergalle (D:11)
  9 iron trolls
  A titan skeleton (D:15)
  8 spriggans
  5 pharaoh ants
  A death drake (shapeshifter) (Vaults:4)
  2 sun moths
  A sixfirhy (Depths:4)
  4 goliath frogs
  A glowing orange brain (shapeshifter) (Vaults:5)
  10 skeletal warriors
  54 deep trolls
  8 orb spiders
  4 phantasmal warriors
  3 spriggan druids
  3 flayed ghosts
  6 steelbarb worms
  9 swamp dragons
  17 ironbound convokers
  5 bog bodies
  A deep elf pyromancer (D:14)
  4 wizards
  12 lindwurms
  15 wolf spiders
  11 orc knights
  4 necromancers
  8 will-o-the-wisps
  6 cyclopes
  2 orc sorcerers
  33 ugly things
  2 manticores
  9 elephants
  17 moths of wrath
  A rust devil (Depths:4)
  2 molten gargoyles (Lair:5)
  4 torpor snails
  17 vault sentinels
  2 smoke demons
  8 black mambas
  An unseen horror (D:13)
  3 orange demons
  5 rime drakes
  9 cane toads
  2 freezing wraiths (D:14)
  A spriggan zombie (D:15)
  3 gargoyles
  4 demonic crawlers
  14 komodo dragons
  43 yaktaurs
  An ice devil (Depths:4)
  3 tengu conjurers
  4 polar bears
  6 meliai
  2 tyrant leeches (Swamp:4)
  A queen bee (D:15)
  A troll (D:14)
  16 tarantellas
  20 hornets
  21 slime creatures
  Prince Ribbit (D:7)
  37 saltlings (Desolation)
  7 dream sheep (Lair:4)
  A wind drake (shapeshifter) (D:14)
  11 blink frogs
  21 jumping spiders
  4 shadows
  2 water elementals (Depths:2)
  A ynoxinul (Depths:4)
  24 culicivoras
  9 wraiths
  31 yaks
  A vampire (D:12)
  8 fire bats
  7 wyverns
  6 fire elementals
  3 steam dragons
  A chaos spawn (Depths:4)
  4 hogs (Swamp:1)
  51 redbacks
  7 basilisks
  A neqoxec (Depths:4)
  15 vampire mosquitoes
  A glowing shapeshifter zombie (D:15)
  15 swamp worms
  A warg (D:15)
  9 hell hounds
  4 acid dragons
  18 water moccasins
  A sky beast (D:7)
  21 orc warriors
  3 boggarts (Vaults:1)
  2 black bears
  4 ogres
  10 centaurs
  6 wolves (Lair:2)
  A kobold brigand (D:10)
  Blork the orc (D:5)
  10 bullfrogs
  2 necrophages
  2 scorpions
  6 wights
  2 jellies
  19 killer bees
  3 howler monkeys (D:12)
  An electric eel (Spider:4)
  6 lava snakes
  3 hounds
  20 orc priests
  3 iguanas
  22 orc wizards
  2 lightning spires (Swamp:1)
  4 gnolls
  10 adders
  A shadow imp (D:5)
  2 ufetubi (D:6)
  A worm (D:1)
  A dart slug (D:2)
  55 orcs
  7 endoplasms
  4 giant cockroaches
  8 goblins
  9 hobgoblins
  7 jackals
  12 kobolds
  3 quokkas
  10 ball pythons
  12 bats
  6 frilled lizards
  9 rats
  A fire vortex (D:13)
  A pillar of salt (Vaults:4)
1663 creatures vanquished.

Vanquished Creatures (others)
  A draconian knight (Zot:1)
  A draconian annihilator (Zot:3)
  A draconian stormcaller (Zot:4)
  A goliath frog (Swamp:4)
  A swamp dragon (Swamp:3)
  A phantasmal warrior (Vaults:5)
  An ugly thing (Swamp:4)
  A will-o-the-wisp (Swamp:3)
  A bloated husk (Swamp:3)
  2 hornets (Swamp:3)
  A spriggan (Swamp:3)
  A yak (D:12)
  An orc priest (D:6)
  2 ball lightnings (Swamp:1)
  A fire vortex (D:13)
  60 foxfires
  26 fungi
  73 plants
  13 withered plants (D:15)
189 creatures vanquished.

Grand Total: 1852 creatures vanquished

Notes
Turn   | Place    | Note
-------+----------+-------------------------------------------
     0 | D:1      | qw the Gargoyle Fighter began the quest for the Orb.
     0 | D:1      | Reached XP level 1. HP: 14/14 MP: 1/1
     0 | D:1      | 0 ||| qw: Version: 0.2-a-10-g399e6c4
     0 | D:1      | 0 ||| qw: Game counter: 494
     0 | D:1      | 0 ||| qw: Always use a shield: true
     0 | D:1      | 0 ||| qw: God list: Okawaru
     0 | D:1      | 0 ||| qw: Allow faded altars: false
     0 | D:1      | 0 ||| qw: Do Orc after D:15 true
     0 | D:1      | 0 ||| qw: Do second Lair branch before Depths: true
     0 | D:1      | 0 ||| qw: Lair rune preference: random
     0 | D:1      | 0 ||| qw: Plans: Normal, Zot:1-4, God:TSO, Crypt, Tomb,
                  | Pan, Slime:5, Hells, Abyss, Orb
     0 | D:1      | 0 ||| PLANNING D:1-11
   143 | D:1      | Reached XP level 2. HP: 19/19 MP: 2/2
   172 | D:1      | 172 ||| Stepping ~*~*~tactically~*~*~ (stealth).
   393 | D:1      | 393 ||| Stepping ~*~*~tactically~*~*~ (stealth).
   396 | D:1      | 396 ||| Stepping ~*~*~tactically~*~*~ (stealth).
   407 | D:1      | Reached skill level 3 in Axes
   541 | D:1      | Reached XP level 3. HP: 22/23 MP: 3/3
   591 | D:1      | Found a faded altar of an unknown god.
  1218 | D:1      | 1218 ||| READING scroll labelled EFE WEREPSO.
  1219 | D:1      | 1219 ||| READING scroll labelled TEOFRO LEAHONAWY.
  1246 | D:2      | 1246 ||| STAIRDANCE
  1255 | D:2      | 1255 ||| STAIRDANCE
  1283 | D:2      | 1283 ||| Stepping ~*~*~tactically~*~*~ (stealth).
  1286 | D:2      | 1286 ||| Stepping ~*~*~tactically~*~*~ (stealth).
  1292 | D:2      | 1292 ||| Stepping ~*~*~tactically~*~*~ (stealth).
  1293 | D:2      | 1293 ||| Stepping ~*~*~tactically~*~*~ (stealth).
  1314 | D:2      | Reached XP level 4. HP: 28/28 MP: 4/4
  1329 | D:2      | 1329 ||| Stepping ~*~*~tactically~*~*~ (stealth).
  1551 | D:2      | 1551 ||| Stepping ~*~*~tactically~*~*~ (stealth).
  1552 | D:2      | 1552 ||| DROPPING +0 club.
  1560 | D:2      | 1560 ||| Stepping ~*~*~tactically~*~*~ (stealth).
  1607 | D:2      | Found an opulent altar of Gozag.
  2015 | D:2      | 2015 ||| UPGRADING to +0 helmet.
  2020 | D:2      | 2020 ||| DROPPING ring of wizardry.
  2021 | D:2      | 2021 ||| READING scroll labelled GEPNAN KEMODOS.
  2022 | D:2      | 2022 ||| READING scroll labelled YFESMI ZAEPHOFF.
  2023 | D:2      | 2023 ||| DRINKING 2 fizzy green potions.
  2024 | D:2      | 2024 ||| DRINKING 2 sedimented cyan potions.
  2135 | D:3      | 2135 ||| Stepping ~*~*~tactically~*~*~ (stealth).
  2252 | D:3      | Found a stormy altar of Qazlal.
  2307 | D:3      | Reached XP level 5. HP: 32/32 MP: 5/5
  2506 | D:3      | 2506 ||| Stepping ~*~*~tactically~*~*~ (hiding).
  2507 | D:3      | 2507 ||| Stepping ~*~*~tactically~*~*~ (stealth).
  2625 | D:3      | Found a sacrificial altar of Ru.
  2696 | D:3      | 2696 ||| Stepping ~*~*~tactically~*~*~ (hiding).
  2697 | D:3      | 2697 ||| Stepping ~*~*~tactically~*~*~ (hiding).
  3204 | D:3      | 3204 ||| UPGRADING to +0 chain mail.
  3214 | D:3      | 3214 ||| DROPPING +0 scale mail.
  3215 | D:3      | 3215 ||| READING scroll labelled GURUOB ITUAQOI.
  3216 | D:3      | 3216 ||| READING scroll labelled ECETA YNIMI.
  3217 | D:3      | 3217 ||| READING scroll labelled VUAWKE WITAMN.
  3218 | D:3      | 3218 ||| READING 2 scrolls labelled MEGIC ENIBBURGH.
  3219 | D:3      | 3219 ||| READING scroll labelled YLAEFA XIYTH.
  3223 | D:3      | 3223 ||| DRINKING 2 glowing ruby potions.
  3223 | D:3      | Gained mutation: Your spells are a little harder to cast,
                  | but a little more powerful. [potion of mutation]
  3223 | D:3      | Gained mutation: You are partially covered in iridescent
                  | scales. (AC +2) [potion of mutation]
  3223 | D:3      | Gained mutation: Your muscles are strong. (Str +4, Int/Dex
                  | -1) [potion of mutation]
  3224 | D:3      | 3224 ||| DROPPING scroll of magic mapping.
  3345 | D:4      | Reached skill level 4 in Fighting
  3405 | D:4      | Found a bloodstained altar of Trog.
  3414 | D:4      | 3414 ||| Stepping ~*~*~tactically~*~*~ (hiding).
  3416 | D:4      | 3416 ||| Stepping ~*~*~tactically~*~*~ (hiding).
  3417 | D:4      | 3417 ||| Stepping ~*~*~tactically~*~*~ (hiding).
  3476 | D:4      | Found Jiedin's Magic Scroll Boutique.
  3482 | D:4      | 3482 ||| BUYING scroll of identify (26 gold).
  3482 | D:4      | Bought a scroll of identify for 26 gold pieces
  3482 | D:4      | 3482 ||| BUYING scroll of identify (26 gold).
  3482 | D:4      | Bought a scroll of identify for 26 gold pieces
  3482 | D:4      | 3482 ||| BUYING scroll of identify (26 gold).
  3482 | D:4      | Bought a scroll of identify for 26 gold pieces
  3482 | D:4      | 3482 ||| BUYING scroll of teleportation (39 gold).
  3482 | D:4      | Bought a scroll of teleportation for 39 gold pieces
  3482 | D:4      | 3482 ||| BUYING scroll of teleportation (39 gold).
  3482 | D:4      | Bought a scroll of teleportation for 39 gold pieces
  3647 | D:4      | Found a staircase to the Ecumenical Temple.
  3648 | D:4      | 3648 ||| PLANNING TEMPLE
  3658 | D:4      | Reached XP level 6. HP: 34/38 MP: 6/6
  3690 | D:4      | 3690 ||| UPGRADING to +0 pair of gloves.
  3695 | D:4      | 3695 ||| READING scroll labelled FIBBER UDWUPS.
  3696 | D:4      | 3696 ||| READING 5 scrolls of identify.
  3696 | D:4      | 3696 ||| IDENTIFYING sedimented sapphire potion
  3697 | D:4      | 3697 ||| READING 4 scrolls of identify.
  3697 | D:4      | 3697 ||| IDENTIFYING golden potion
  3698 | D:4      | 3698 ||| READING 3 scrolls of identify.
  3698 | D:4      | 3698 ||| IDENTIFYING red potion
  3699 | D:4      | 3699 ||| READING 2 scrolls of identify.
  3699 | D:4      | 3699 ||| IDENTIFYING fuming black potion
  3700 | D:4      | 3700 ||| DROPPING potion of invisibility.
  3701 | D:4      | 3701 ||| DROPPING potion of magic.
  3702 | D:4      | Noticed a wyvern
  3711 | D:4      | Killed a wyvern
  3869 | Temple   | Entered the Ecumenical Temple
  3948 | Temple   | 3948 ||| PLANNING D:1-11
  4024 | D:4      | 4024 ||| Stepping ~*~*~tactically~*~*~ (stealth).
  4025 | D:4      | 4025 ||| Stepping ~*~*~tactically~*~*~ (stealth).
  4027 | D:4      | 4027 ||| Stepping ~*~*~tactically~*~*~ (stealth).
  4033 | D:4      | 4033 ||| Stepping ~*~*~tactically~*~*~ (stealth).
  4037 | D:4      | Reached skill level 6 in Axes
  4038 | D:4      | 4038 ||| FLEEEEING.
  4039 | D:4      | 4039 ||| FLEEEEING.
  4040 | D:4      | 4040 ||| FLEEEEING.
  4064 | D:4      | Reached XP level 7. HP: 41/43 MP: 7/7
  4451 | D:4      | 4451 ||| Stepping ~*~*~tactically~*~*~ (stealth).
  4460 | D:4      | HP: 10/43 [acid dragon (3)]
  4461 | D:4      | 4461 ||| READING 3 scrolls of teleportation.
  4462 | D:4      | 4462 ||| DRINKING potion of heal wounds.
  4809 | D:5      | Entered Level 5 of the Dungeon
  4811 | D:5      | 4811 ||| Stepping ~*~*~tactically~*~*~ (stealth).
  4812 | D:5      | 4812 ||| Stepping ~*~*~tactically~*~*~ (stealth).
  4835 | D:5      | 4835 ||| Stepping ~*~*~tactically~*~*~ (stealth).
  4850 | D:5      | Reached skill level 1 in Dodging
  4957 | D:5      | Reached skill level 5 in Fighting
  4957 | D:5      | Reached XP level 8. HP: 30/49 MP: 8/8
  5183 | D:5      | 5183 ||| Stepping ~*~*~tactically~*~*~ (hiding).
  5184 | D:5      | 5184 ||| Stepping ~*~*~tactically~*~*~ (hiding).
  5185 | D:5      | 5185 ||| Stepping ~*~*~tactically~*~*~ (hiding).
  5292 | D:5      | 5292 ||| Stepping ~*~*~tactically~*~*~ (stealth).
  5301 | D:5      | 5301 ||| Stepping ~*~*~tactically~*~*~ (stealth).
  5355 | D:5      | Noticed Blork the orc
  5366 | D:5      | Killed Blork the orc
  5503 | D:5      | Found an iron altar of Okawaru.
  5504 | D:5      | 5504 ||| PLANNING OKAWARU WORSHIP
  5504 | D:5      | 5504 ||| READING 5 scrolls of identify.
  5504 | D:5      | 5504 ||| IDENTIFYING fizzy orange potion
  5505 | D:5      | 5505 ||| READING 4 scrolls of identify.
  5505 | D:5      | 5505 ||| IDENTIFYING sapphire potion
  5506 | D:5      | 5506 ||| READING 3 scrolls of identify.
  5506 | D:5      | 5506 ||| IDENTIFYING viscous green potion
  5507 | D:5      | 5507 ||| READING 2 scrolls of identify.
  5507 | D:5      | 5507 ||| IDENTIFYING bubbling pink potion
  5508 | D:5      | 5508 ||| DROPPING potion of degeneration.
  5509 | D:5      | 5509 ||| DROPPING potion of flight.
  5510 | D:5      | 5510 ||| DROPPING potion of berserk rage.
  5511 | D:5      | 5511 ||| DROPPING potion of ambrosia.
  5518 | D:5      | Became a worshipper of Warmaster Okawaru
  5519 | D:5      | 5519 ||| PLANNING D:1-11
  5690 | D:6      | 5690 ||| Stepping ~*~*~tactically~*~*~ (stealth).
  5779 | D:6      | Found an opulent altar of Gozag.
  5860 | D:6      | 5860 ||| Stepping ~*~*~tactically~*~*~ (hiding).
  5885 | D:6      | HP: 5/49 [steam dragon/ball of steam (10)]
  5886 | D:6      | 5886 ||| READING 2 scrolls of teleportation.
  6227 | D:6      | 6227 ||| Stepping ~*~*~tactically~*~*~ (hiding).
  6235 | D:6      | Reached skill level 6 in Fighting
  6235 | D:6      | Reached * piety under Okawaru
  6239 | D:6      | 6239 ||| Stepping ~*~*~tactically~*~*~ (stealth).
  6240 | D:6      | 6240 ||| Stepping ~*~*~tactically~*~*~ (stealth).
  6245 | D:6      | 6245 ||| FLEEEEING.
  6340 | D:6      | Reached skill level 1 in Invocations
  6343 | D:6      | 6343 ||| Stepping ~*~*~tactically~*~*~ (stealth).
  6353 | D:6      | 6353 ||| INVOKING Heroism.
  6610 | D:6      | 6610 ||| Stepping ~*~*~tactically~*~*~ (stealth).
  6612 | D:6      | 6612 ||| Stepping ~*~*~tactically~*~*~ (hiding).
  6615 | D:6      | 6615 ||| INVOKING Heroism.
  6622 | D:6      | Reached XP level 9. HP: 47/55 MP: 7/10
  6668 | D:6      | 6668 ||| DROPPING +0 flail.
  6734 | D:6      | Found a glowing golden altar of the Shining One.
  6993 | D:6      | 6993 ||| UPGRADING to +0 pair of boots.
  6998 | D:6      | 6998 ||| READING scroll labelled WACOXKA WUARAN.
  6999 | D:6      | 6999 ||| READING scroll labelled ALA KAYZXO LUBB.
  7000 | D:6      | 7000 ||| READING scroll labelled SUYJOL BETZOE.
  7001 | D:6      | 7001 ||| READING 5 scrolls of identify.
  7001 | D:6      | 7001 ||| IDENTIFYING dark potion
  7002 | D:6      | 7002 ||| READING 4 scrolls of identify.
  7002 | D:6      | 7002 ||| IDENTIFYING coppery potion
  7003 | D:6      | 7003 ||| DROPPING potion of brilliance.
  7047 | D:7      | 7047 ||| STAIRDANCE
  7058 | D:6      | Reached skill level 3 in Invocations
  7239 | D:7      | 7239 ||| INVOKING Heroism.
  7246 | D:7      | Reached skill level 9 in Axes
  7817 | D:7      | Found Diavalir's Antique Weapon Shoppe.
  7992 | D:7      | 7992 ||| Stepping ~*~*~tactically~*~*~ (hiding).
  7994 | D:7      | 7994 ||| Stepping ~*~*~tactically~*~*~ (hiding).
  7995 | D:7      | 7995 ||| INVOKING Heroism.
  7998 | D:7      | Noticed Prince Ribbit
  8009 | D:7      | Killed Prince Ribbit
  8192 | D:7      | 8192 ||| UPGRADING to +0 plate armour.
  8202 | D:7      | 8202 ||| DROPPING +0 chain mail.
  8203 | D:7      | 8203 ||| UPGRADING to +2 helmet of intelligence.
  8213 | D:7      | 8213 ||| DROPPING +0 helmet.
  8214 | D:7      | 8214 ||| UPGRADING to amulet of reflection.
  8297 | D:8      | 8297 ||| Stepping ~*~*~tactically~*~*~ (hiding).
  8303 | D:8      | Reached ** piety under Okawaru
  8489 | D:8      | 8489 ||| INVOKING Heroism.
  8498 | D:8      | Reached skill level 6 in Armour
  8500 | D:8      | Reached skill level 7 in Fighting
  8630 | D:8      | 8630 ||| INVOKING Heroism.
  8840 | D:8      | 8840 ||| Stepping ~*~*~tactically~*~*~ (hiding).
  8847 | D:8      | 8847 ||| INVOKING Heroism.
  8858 | D:8      | 8858 ||| Stepping ~*~*~tactically~*~*~ (stealth).
  8866 | D:8      | 8866 ||| READING scroll of enchant weapon.
  8866 | D:8      | 8866 ||| ENCHANTING +1 war axe of venom.
  8870 | D:8      | Found Leux's Magic Scroll Shoppe.
  8882 | D:8      | 8882 ||| BUYING 2 scrolls of identify (48 gold).
  8882 | D:8      | Bought 2 scrolls of identify for 48 gold pieces
  8882 | D:8      | 8882 ||| SHOPLISTING scroll of enchant armour (90 gold,
                  | have 84).
  8882 | D:8      | 8882 ||| BUYING scroll of identify (24 gold).
  8882 | D:8      | Bought a scroll of identify for 24 gold pieces
  8882 | D:8      | 8882 ||| BUYING scroll of teleportation (36 gold).
  8882 | D:8      | Bought a scroll of teleportation for 36 gold pieces
  8882 | D:8      | 8882 ||| SHOPLISTING scroll of teleportation (36 gold, have
                  | 24).
  8973 | D:8      | 8973 ||| Stepping ~*~*~tactically~*~*~ (hiding).
  9155 | D:8      | 9155 ||| INVOKING Heroism.
  9307 | D:8      | Found a hide-covered altar of Uskayaw.
  9435 | D:9      | Noticed a hornet
  9439 | D:9      | Reached XP level 10. HP: 63/63 MP: 13/13
  9551 | D:9      | 9551 ||| Stepping ~*~*~tactically~*~*~ (hiding).
  9553 | D:9      | 9553 ||| Stepping ~*~*~tactically~*~*~ (hiding).
  9630 | D:9      | 9630 ||| INVOKING Heroism.
  9841 | D:9      | Reached *** piety under Okawaru
  9906 | D:9      | 9906 ||| READING scroll labelled NYEFY TIYTSIC.
 10006 | D:10     | Entered Level 10 of the Dungeon
 10019 | D:10     | Noticed a two-headed ogre
 10020 | D:10     | 10020 ||| INVOKING Heroism.
 10028 | D:10     | Killed a two-headed ogre
 10029 | D:10     | Reached skill level 8 in Fighting
 10117 | D:10     | Noticed Erolcha
 10118 | D:10     | 10118 ||| Stepping ~*~*~tactically~*~*~ (hiding).
 10119 | D:10     | 10119 ||| INVOKING Heroism.
 10130 | D:10     | Killed Erolcha
 10131 | D:10     | Reached skill level 6 in Shields
 10408 | D:10     | Found a staircase to the Lair.
 10408 | D:10     | Noticed an elephant
 10409 | D:10     | 10409 ||| Stepping ~*~*~tactically~*~*~ (hiding).
 10414 | D:10     | 10414 ||| INVOKING Heroism.
 10425 | D:10     | Killed an elephant
 10425 | D:10     | Reached **** piety under Okawaru
 10464 | D:10     | 10464 ||| Stepping ~*~*~tactically~*~*~ (stealth).
 10468 | D:10     | 10468 ||| Stepping ~*~*~tactically~*~*~ (stealth).
 10505 | D:10     | Found a shadowy altar of Dithmenos.
 10512 | D:10     | 10512 ||| Stepping ~*~*~tactically~*~*~ (stealth).
 10513 | D:10     | Found a staircase to the Orcish Mines.
 10514 | D:10     | 10514 ||| Stepping ~*~*~tactically~*~*~ (hiding).
 10517 | D:10     | 10517 ||| INVOKING Heroism.
 10526 | D:10     | Reached XP level 11. HP: 69/69 MP: 11/14
 10647 | D:10     | 10647 ||| DRINKING 2 potions of curing.
 10647 | D:10     | 10647 ||| (to cure confusion)
 10964 | D:10     | Found a shimmering altar of Xom.
 10964 | D:10     | Found a hazy altar of Hepliaklqana.
 10964 | D:10     | Found an ancient bone altar of Kikubaaqudgha.
 11099 | D:10     | 11099 ||| READING scroll of enchant weapon.
 11099 | D:10     | 11099 ||| ENCHANTING +2 war axe of venom.
 11177 | D:10     | 11177 ||| PLANNING LAIR
 11177 | D:10     | 11177 ||| READING 13 scrolls of identify.
 11177 | D:10     | 11177 ||| IDENTIFYING fizzy cyan potion
 11206 | Lair:1   | Entered Level 1 of the Lair of Beasts
 11209 | Lair:1   | 11209 ||| Stepping ~*~*~tactically~*~*~ (stealth).
 11215 | Lair:1   | 11215 ||| Stepping ~*~*~tactically~*~*~ (stealth).
 11216 | Lair:1   | 11216 ||| Stepping ~*~*~tactically~*~*~ (stealth).
 11218 | Lair:1   | 11218 ||| INVOKING Heroism.
 11231 | Lair:1   | 11231 ||| Stepping ~*~*~tactically~*~*~ (hiding).
 11383 | Lair:1   | Noticed Fannar
 11389 | Lair:1   | 11389 ||| INVOKING Heroism.
 11398 | Lair:1   | Killed Fannar
 11399 | Lair:1   | Reached skill level 6 in Invocations
 11590 | Lair:1   | 11590 ||| DROPPING +0 morningstar.
 11748 | Lair:1   | 11748 ||| INVOKING Heroism.
 11830 | Lair:1   | Noticed a boulder beetle
 11869 | Lair:1   | Found a transporter.
 11871 | Lair:1   | Found a transporter.
 11872 | Lair:1   | Noticed a boulder beetle
 12219 | Lair:1   | 12219 ||| READING 12 scrolls of identify.
 12219 | Lair:1   | 12219 ||| IDENTIFYING brown potion
 12234 | Lair:2   | 12234 ||| Stepping ~*~*~tactically~*~*~ (stealth).
 12237 | Lair:2   | 12237 ||| Stepping ~*~*~tactically~*~*~ (stealth).
 12239 | Lair:2   | 12239 ||| Stepping ~*~*~tactically~*~*~ (stealth).
 12246 | Lair:2   | 12246 ||| Stepping ~*~*~tactically~*~*~ (stealth).
 12247 | Lair:2   | 12247 ||| Stepping ~*~*~tactically~*~*~ (stealth).
 12254 | Lair:2   | Received a gift from Okawaru
 12255 | Lair:2   | Reached skill level 9 in Fighting
 12270 | Lair:2   | 12270 ||| INVOKING Heroism.
 12275 | Lair:2   | Reached skill level 1 in Throwing
 12323 | Lair:2   | 12323 ||| Stepping ~*~*~tactically~*~*~ (stealth).
 12324 | Lair:2   | 12324 ||| Stepping ~*~*~tactically~*~*~ (stealth).
 12326 | Lair:2   | 12326 ||| Stepping ~*~*~tactically~*~*~ (stealth).
 12327 | Lair:2   | 12327 ||| INVOKING Heroism.
 12337 | Lair:2   | 12337 ||| Stepping ~*~*~tactically~*~*~ (stealth).
 12351 | Lair:2   | Reached ***** piety under Okawaru
 12354 | Lair:2   | Reached skill level 3 in Throwing
 12411 | Lair:2   | 12411 ||| INVOKING Heroism.
 12423 | Lair:2   | Noticed an eight-headed hydra
 12424 | Lair:2   | 12424 ||| Stepping ~*~*~tactically~*~*~ (stealth).
 12425 | Lair:2   | 12425 ||| Stepping ~*~*~tactically~*~*~ (stealth).
 12471 | Lair:2   | 12471 ||| FLEEEEING.
 12472 | Lair:2   | 12472 ||| FLEEEEING.
 12473 | Lair:2   | 12473 ||| FLEEEEING.
 12474 | Lair:2   | 12474 ||| FLEEEEING.
 12477 | Lair:2   | 12477 ||| FLEEEEING.
 12478 | Lair:2   | 12478 ||| FLEEEEING.
 12479 | Lair:2   | 12479 ||| FLEEEEING.
 12480 | Lair:2   | 12480 ||| FLEEEEING.
 12481 | Lair:2   | 12481 ||| FLEEEEING.
 12482 | Lair:2   | 12482 ||| FLEEEEING.
 12483 | Lair:2   | 12483 ||| FLEEEEING.
 12484 | Lair:2   | 12484 ||| FLEEEEING.
 12485 | Lair:2   | 12485 ||| FLEEEEING.
 12486 | Lair:2   | 12486 ||| FLEEEEING.
 12487 | Lair:2   | 12487 ||| FLEEEEING.
 12488 | Lair:2   | 12488 ||| FLEEEEING.
 12489 | Lair:2   | 12489 ||| FLEEEEING.
 12490 | Lair:2   | 12490 ||| FLEEEEING.
 12491 | Lair:2   | 12491 ||| FLEEEEING.
 12492 | Lair:2   | 12492 ||| FLEEEEING.
 12493 | Lair:2   | 12493 ||| STAIRDANCE
 12545 | Lair:2   | 12545 ||| INVOKING Heroism.
 12546 | Lair:2   | 12546 ||| SWAPPING to +2 morningstar of holy wrath.
 12547 | Lair:2   | 12547 ||| INVOKING Finesse.
 12554 | Lair:2   | Killed an eight-headed hydra
 12555 | Lair:2   | 12555 ||| SWAPPING to +3 war axe of venom.
 12596 | Lair:2   | 12596 ||| STAIRDANCE
 12656 | Lair:2   | 12656 ||| INVOKING Heroism.
 12790 | Lair:2   | Found a staircase to the Swamp.
 12857 | Lair:2   | 12857 ||| INVOKING Heroism.
 12859 | Lair:2   | 12859 ||| Stepping ~*~*~tactically~*~*~ (stealth).
 12875 | Lair:2   | 12875 ||| Stepping ~*~*~tactically~*~*~ (stealth).
 12884 | Lair:2   | Reached XP level 12. HP: 61/76 MP: 18/18
 12889 | Lair:2   | Reached skill level 9 in Invocations
 12893 | Lair:2   | 12893 ||| INVOKING Heroism.
 13025 | Lair:2   | 13025 ||| Stepping ~*~*~tactically~*~*~ (stealth).
 13026 | Lair:2   | 13026 ||| Stepping ~*~*~tactically~*~*~ (stealth).
 13027 | Lair:2   | 13027 ||| INVOKING Heroism.
 13082 | Lair:2   | 13082 ||| INVOKING Heroism.
 13086 | Lair:2   | Received a gift from Okawaru
 13259 | Lair:2   | 13259 ||| INVOKING Heroism.
 13273 | Lair:2   | 13273 ||| INVOKING Heroism.
 13324 | Lair:2   | 13324 ||| Stepping ~*~*~tactically~*~*~ (stealth).
 13327 | Lair:2   | 13327 ||| READING scroll of brand weapon.
 13327 | Lair:2   | 13327 ||| BRANDING +3 war axe of venom.
 13330 | Lair:2   | 13330 ||| Stepping ~*~*~tactically~*~*~ (stealth).
 13331 | Lair:2   | 13331 ||| Stepping ~*~*~tactically~*~*~ (stealth).
 13332 | Lair:2   | 13332 ||| Stepping ~*~*~tactically~*~*~ (stealth).
 13333 | Lair:2   | 13333 ||| Stepping ~*~*~tactically~*~*~ (stealth).
 13336 | Lair:2   | 13336 ||| INVOKING Heroism.
 13343 | Lair:2   | Reached skill level 12 in Axes
 13416 | Lair:2   | Noticed a four-headed hydra
 13417 | Lair:2   | 13417 ||| INVOKING Heroism.
 13418 | Lair:2   | 13418 ||| INVOKING Finesse.
 13421 | Lair:2   | 13421 ||| SWAPPING to +2 morningstar of holy wrath.
 13425 | Lair:2   | Killed a four-headed hydra
 13426 | Lair:2   | 13426 ||| SWAPPING to +3 vampiric war axe.
 13675 | Lair:2   | 13675 ||| INVOKING Heroism.
 13689 | Lair:2   | Received a gift from Okawaru
 13695 | Lair:2   | 13695 ||| Stepping ~*~*~tactically~*~*~ (stealth).
 13696 | Lair:2   | 13696 ||| Stepping ~*~*~tactically~*~*~ (stealth).
 13864 | Lair:2   | 13864 ||| READING scroll labelled XEHABI VUDI.
 13997 | Lair:3   | Found a hide-covered altar of Uskayaw.
 14083 | Lair:3   | 14083 ||| INVOKING Heroism.
 14088 | Lair:3   | 14088 ||| Stepping ~*~*~tactically~*~*~ (stealth).
 14102 | Lair:3   | Reached skill level 9 in Armour
 14118 | Lair:3   | Identified the +1 pair of boots of the World {Will+}
                  | (Okawaru gifted it to you on level 3 of the Lair of Beasts)
 14118 | Lair:3   | Received a gift from Okawaru
 14213 | Lair:3   | 14213 ||| INVOKING Heroism.
 14231 | Lair:3   | Found a hole to the Spider Nest.
 14251 | Lair:3   | 14251 ||| INVOKING Heroism.
 14255 | Lair:3   | Reached skill level 10 in Fighting
 14537 | Lair:3   | Noticed a death yak
 14538 | Lair:3   | 14538 ||| INVOKING Heroism.
 14539 | Lair:3   | 14539 ||| INVOKING Finesse.
 14539 | Lair:3   | Noticed a death yak
 14543 | Lair:3   | Noticed a death yak
 14543 | Lair:3   | Noticed a death yak
 14552 | Lair:3   | Killed a death yak
 14560 | Lair:3   | Killed a death yak
 14577 | Lair:3   | Killed a death yak
 14585 | Lair:3   | Killed a death yak
 14586 | Lair:3   | Reached XP level 13. HP: 51/82 MP: 15/20
 14803 | Lair:3   | 14803 ||| Stepping ~*~*~tactically~*~*~ (hiding).
 15122 | Lair:3   | 15122 ||| UPGRADING to +1 pair of boots of the World
                  | {Will+}.
 15132 | Lair:3   | 15132 ||| DROPPING +0 pair of boots.
 15189 | Lair:4   | 15189 ||| INVOKING Heroism.
 15190 | Lair:4   | 15190 ||| INVOKING Finesse.
 15192 | Lair:4   | 15192 ||| SWAPPING to +2 morningstar of holy wrath.
 15196 | Lair:4   | 15196 ||| SWAPPING to +3 vampiric war axe.
 15362 | Lair:4   | 15362 ||| INVOKING Heroism.
 15364 | Lair:4   | 15364 ||| Stepping ~*~*~tactically~*~*~ (stealth).
 15494 | Lair:4   | Found a staircase to the Slime Pits.
 15582 | Lair:4   | 15582 ||| INVOKING Heroism.
 15750 | Lair:4   | 15750 ||| Stepping ~*~*~tactically~*~*~ (stealth).
 15753 | Lair:4   | 15753 ||| Stepping ~*~*~tactically~*~*~ (stealth).
 15755 | Lair:4   | 15755 ||| Stepping ~*~*~tactically~*~*~ (stealth).
 15760 | Lair:4   | 15760 ||| INVOKING Heroism.
 15879 | Lair:4   | 15879 ||| INVOKING Heroism.
 16236 | Lair:4   | 16236 ||| UPGRADING to ring of see invisible.
 16270 | Lair:5   | Entered Level 5 of the Lair of Beasts
 16271 | Lair:5   | 16271 ||| INVOKING Heroism.
 16286 | Lair:5   | Received a gift from Okawaru
 16301 | Lair:5   | 16301 ||| INVOKING Finesse.
 16327 | Lair:5   | 16327 ||| INVOKING Heroism.
 16374 | Lair:5   | 16374 ||| READING 3 scrolls of enchant armour.
 16374 | Lair:5   | 16374 ||| ENCHANTING +0 pair of gloves.
 16375 | Lair:5   | 16375 ||| READING 2 scrolls of enchant armour.
 16375 | Lair:5   | 16375 ||| ENCHANTING +1 pair of gloves.
 16376 | Lair:5   | 16376 ||| READING scroll of enchant armour.
 16376 | Lair:5   | 16376 ||| ENCHANTING +0 plate armour.
 16424 | Lair:5   | 16424 ||| Stepping ~*~*~tactically~*~*~ (stealth).
 16425 | Lair:5   | 16425 ||| INVOKING Heroism.
 16479 | Lair:5   | 16479 ||| INVOKING Heroism.
 16528 | Lair:5   | 16528 ||| READING scroll of enchant weapon.
 16528 | Lair:5   | 16528 ||| ENCHANTING +3 vampiric war axe.
 16543 | Lair:5   | 16543 ||| Stepping ~*~*~tactically~*~*~ (stealth).
 16546 | Lair:5   | 16546 ||| Stepping ~*~*~tactically~*~*~ (hiding).
 16547 | Lair:5   | 16547 ||| INVOKING Heroism.
 16553 | Lair:5   | Received a gift from Okawaru
 16554 | Lair:5   | Reached skill level 11 in Fighting
 16612 | Lair:5   | 16612 ||| INVOKING Heroism.
 16798 | Lair:5   | 16798 ||| INVOKING Heroism.
 16799 | Lair:5   | 16799 ||| SWAPPING to +2 morningstar of holy wrath.
 16800 | Lair:5   | 16800 ||| INVOKING Finesse.
 16807 | Lair:5   | Received a gift from Okawaru
 16808 | Lair:5   | 16808 ||| SWAPPING to +4 vampiric war axe.
 16859 | Lair:5   | 16859 ||| INVOKING Heroism.
 16869 | Lair:5   | Received a gift from Okawaru
 16873 | Lair:5   | Reached skill level 6 in Throwing
 16881 | Lair:5   | Gained mutation: Your large and strong wings let you fly.
                  | [Gargoyle growth]
 16881 | Lair:5   | Reached XP level 14. HP: 38/90 MP: 21/21
 16899 | Lair:5   | 16899 ||| FLEEEEING.
 16900 | Lair:5   | 16900 ||| FLEEEEING.
 17098 | Lair:5   | 17098 ||| FLEEEEING.
 17099 | Lair:5   | 17099 ||| FLEEEEING.
 17100 | Lair:5   | 17100 ||| FLEEEEING.
 17108 | Lair:5   | 17108 ||| FLEEEEING.
 17170 | Lair:5   | 17170 ||| Stepping ~*~*~tactically~*~*~ (stealth).
 17172 | Lair:5   | 17172 ||| Stepping ~*~*~tactically~*~*~ (stealth).
 17186 | Lair:5   | Found a large runed translucent door.
 17186 | Lair:5   | Found a large runed translucent door.
 17195 | Lair:5   | 17195 ||| INVOKING Heroism.
 17207 | Lair:5   | Received a gift from Okawaru
 17258 | Lair:5   | 17258 ||| Stepping ~*~*~tactically~*~*~ (stealth).
 17259 | Lair:5   | 17259 ||| Stepping ~*~*~tactically~*~*~ (stealth).
 17260 | Lair:5   | 17260 ||| Stepping ~*~*~tactically~*~*~ (stealth).
 17726 | Lair:5   | 17726 ||| PLANNING D:1-11
 17726 | Lair:5   | 17726 ||| UPGRADING to ring of resist corrosion.
 17928 | D:11     | 17928 ||| Stepping ~*~*~tactically~*~*~ (stealth).
 17929 | D:11     | 17929 ||| READING 2 scrolls of enchant armour.
 17929 | D:11     | 17929 ||| ENCHANTING +1 plate armour.
 17930 | D:11     | 17930 ||| READING scroll of enchant armour.
 17930 | D:11     | 17930 ||| ENCHANTING +2 plate armour.
 18020 | D:11     | Reached skill level 15 in Axes
 18160 | D:11     | 18160 ||| INVOKING Heroism.
 18178 | D:11     | Received a gift from Okawaru
 18312 | D:11     | Noticed Nergalle
 18315 | D:11     | 18315 ||| INVOKING Heroism.
 18337 | D:11     | Killed Nergalle
 18506 | D:11     | 18506 ||| Stepping ~*~*~tactically~*~*~ (hiding).
 18635 | D:11     | 18635 ||| PLANNING D
 18654 | D:12     | 18654 ||| Stepping ~*~*~tactically~*~*~ (hiding).
 18672 | D:12     | 18672 ||| INVOKING Heroism.
 19131 | D:12     | Received a gift from Okawaru
 19174 | D:12     | 19174 ||| INVOKING Heroism.
 19194 | D:12     | 19194 ||| Stepping ~*~*~tactically~*~*~ (stealth).
 19195 | D:12     | 19195 ||| Stepping ~*~*~tactically~*~*~ (stealth).
 19303 | D:12     | 19303 ||| Stepping ~*~*~tactically~*~*~ (stealth).
 19305 | D:12     | 19305 ||| FLEEEEING.
 19306 | D:12     | 19306 ||| FLEEEEING.
 19307 | D:12     | 19307 ||| INVOKING Heroism.
 19311 | D:12     | Noticed Azrael
 19312 | D:12     | 19312 ||| INVOKING Finesse.
 19336 | D:12     | Killed Azrael
 19356 | D:12     | Reached skill level 12 in Fighting
 19585 | D:12     | 19585 ||| UPGRADING to +0 cloak.
 19727 | D:13     | 19727 ||| Stepping ~*~*~tactically~*~*~ (hiding).
 19728 | D:13     | 19728 ||| INVOKING Heroism.
 19850 | D:13     | Noticed Snorg
 19851 | D:13     | 19851 ||| FLEEEEING.
 19852 | D:13     | 19852 ||| FLEEEEING.
 19855 | D:13     | 19855 ||| INVOKING Heroism.
 19856 | D:13     | 19856 ||| INVOKING Finesse.
 19900 | D:13     | 19900 ||| INVOKING Heroism.
 19901 | D:13     | 19901 ||| INVOKING Finesse.
 19956 | D:13     | 19956 ||| INVOKING Heroism.
 19957 | D:13     | 19957 ||| INVOKING Finesse.
 19971 | D:13     | Killed Snorg
 20001 | D:13     | 20001 ||| Stepping ~*~*~tactically~*~*~ (stealth).
 20002 | D:13     | 20002 ||| Stepping ~*~*~tactically~*~*~ (stealth).
 20007 | D:13     | 20007 ||| INVOKING Heroism.
 20175 | D:13     | Received a gift from Okawaru
 20701 | D:13     | 20701 ||| DROPPING scarf of harm.
 20702 | D:13     | 20702 ||| READING scroll labelled IMUYWAU VOGOA.
 20827 | D:14     | 20827 ||| INVOKING Heroism.
 20828 | D:14     | 20828 ||| INVOKING Finesse.
 20831 | D:14     | 20831 ||| Stepping ~*~*~tactically~*~*~ (stealth).
 20832 | D:14     | 20832 ||| SWAPPING to +2 morningstar of holy wrath.
 20836 | D:14     | 20836 ||| SWAPPING to +4 vampiric war axe.
 20843 | D:14     | 20843 ||| Stepping ~*~*~tactically~*~*~ (stealth).
 20853 | D:14     | 20853 ||| Stepping ~*~*~tactically~*~*~ (stealth).
 20944 | D:14     | Found a frozen archway.
 20945 | D:14     | 20945 ||| Stepping ~*~*~tactically~*~*~ (hiding).
 20946 | D:14     | 20946 ||| INVOKING Heroism.
 20947 | D:14     | 20947 ||| INVOKING Finesse.
 21052 | D:14     | 21052 ||| Stepping ~*~*~tactically~*~*~ (stealth).
 21055 | D:14     | 21055 ||| Stepping ~*~*~tactically~*~*~ (stealth).
 21064 | D:14     | 21064 ||| INVOKING Heroism.
 21151 | D:14     | 21151 ||| DROPPING +2 morningstar of holy wrath.
 21221 | D:14     | 21221 ||| FLEEEEING.
 21227 | D:14     | 21227 ||| FLEEEEING.
 21290 | D:14     | 21290 ||| Stepping ~*~*~tactically~*~*~ (stealth).
 21294 | D:14     | 21294 ||| INVOKING Heroism.
 21304 | D:14     | Identified the +3 ring mail of the Cuttlefish {Slay+3}
                  | (Okawaru gifted it to you on level 14 of the Dungeon)
 21304 | D:14     | Received a gift from Okawaru
 21305 | D:14     | Reached XP level 15. HP: 96/96 MP: 20/22
 21377 | D:14     | 21377 ||| READING scroll of enchant weapon.
 21377 | D:14     | 21377 ||| ENCHANTING +4 vampiric war axe.
 21474 | D:14     | Reached skill level 12 in Armour
 21488 | D:14     | 21488 ||| Stepping ~*~*~tactically~*~*~ (hiding).
 21489 | D:14     | 21489 ||| Stepping ~*~*~tactically~*~*~ (hiding).
 21689 | D:14     | Found a gate to the Vaults.
 21872 | D:15     | Entered Level 15 of the Dungeon
 21874 | D:15     | 21874 ||| INVOKING Heroism.
 21876 | D:15     | 21876 ||| STAIRDANCE
 21916 | D:15     | 21916 ||| INVOKING Heroism.
 21964 | D:15     | Identified the ring "Kil Jik" {rPois Will+ Dex+6}
 22010 | D:15     | 22010 ||| INVOKING Heroism.
 22011 | D:15     | 22011 ||| Stepping ~*~*~tactically~*~*~ (stealth).
 22016 | D:15     | 22016 ||| Stepping ~*~*~tactically~*~*~ (stealth).
 22022 | D:15     | 22022 ||| Stepping ~*~*~tactically~*~*~ (hiding).
 22025 | D:15     | 22025 ||| Stepping ~*~*~tactically~*~*~ (hiding).
 22028 | D:15     | 22028 ||| Stepping ~*~*~tactically~*~*~ (hiding).
 22077 | D:15     | Found a staircase to the Depths.
 22080 | D:15     | 22080 ||| INVOKING Heroism.
 22103 | D:15     | Reached skill level 13 in Fighting
 22121 | D:15     | Reached skill level 3 in Dodging
 22246 | D:15     | 22246 ||| UPGRADING to ring "Kil Jik" {rPois Will+ Dex+6}.
 22248 | D:15     | 22248 ||| UPGRADING to ring of see invisible.
 22250 | D:15     | 22250 ||| READING scroll labelled HEHOUM FEO.
 22257 | D:15     | Noticed Josephine
 22260 | D:15     | 22260 ||| READING 8 scrolls of teleportation.
 22261 | D:15     | 22261 ||| FLEEEEING.
 22262 | D:15     | 22262 ||| FLEEEEING.
 22265 | D:15     | 22265 ||| INVOKING Heroism.
 22268 | D:15     | 22268 ||| SWAPPING to +2 morningstar of venom.
 22276 | D:15     | 22276 ||| SWAPPING to +5 vampiric war axe.
 22314 | D:15     | 22314 ||| Stepping ~*~*~tactically~*~*~ (stealth).
 22380 | D:15     | 22380 ||| DROPPING +2 morningstar of venom.
 22391 | D:15     | 22391 ||| Stepping ~*~*~tactically~*~*~ (stealth).
 22398 | D:15     | 22398 ||| Stepping ~*~*~tactically~*~*~ (stealth).
 22436 | D:15     | 22436 ||| INVOKING Heroism.
 22437 | D:15     | 22437 ||| Stepping ~*~*~tactically~*~*~ (stealth).
 22438 | D:15     | 22438 ||| Stepping ~*~*~tactically~*~*~ (stealth).
 22576 | D:15     | Killed Josephine
 22702 | D:15     | Noticed Rupert
 22703 | D:15     | 22703 ||| INVOKING Heroism.
 22706 | D:15     | 22706 ||| INVOKING Finesse.
 22723 | D:15     | Killed Rupert
 22902 | D:15     | 22902 ||| PLANNING ORC
 22981 | Orc:1    | Entered Level 1 of the Orcish Mines
 22984 | Orc:1    | 22984 ||| Stepping ~*~*~tactically~*~*~ (stealth).
 22991 | Orc:1    | 22991 ||| INVOKING Heroism.
 23066 | Orc:1    | 23066 ||| INVOKING Heroism.
 23070 | Orc:1    | Received a gift from Okawaru
 23360 | Orc:1    | 23360 ||| UPGRADING to +2 plate armour of fire resistance.
 23381 | Orc:2    | Entered Level 2 of the Orcish Mines
 23383 | Orc:2    | 23383 ||| INVOKING Heroism.
 23444 | Orc:2    | Found a staircase to the Elven Halls.
 23523 | Orc:2    | 23523 ||| Stepping ~*~*~tactically~*~*~ (stealth).
 23526 | Orc:2    | 23526 ||| Stepping ~*~*~tactically~*~*~ (stealth).
 23529 | Orc:2    | 23529 ||| Stepping ~*~*~tactically~*~*~ (stealth).
 23547 | Orc:2    | 23547 ||| Stepping ~*~*~tactically~*~*~ (hiding).
 23548 | Orc:2    | 23548 ||| Stepping ~*~*~tactically~*~*~ (hiding).
 23550 | Orc:2    | 23550 ||| INVOKING Heroism.
 23579 | Orc:2    | Received a gift from Okawaru
 23621 | Orc:2    | 23621 ||| Stepping ~*~*~tactically~*~*~ (hiding).
 23623 | Orc:2    | 23623 ||| Stepping ~*~*~tactically~*~*~ (hiding).
 23624 | Orc:2    | 23624 ||| Stepping ~*~*~tactically~*~*~ (hiding).
 23625 | Orc:2    | 23625 ||| Stepping ~*~*~tactically~*~*~ (hiding).
 23625 | Orc:2    | Found Tewoyscho's Armour Shop.
 23625 | Orc:2    | Found Ziusch's Distillery.
 23625 | Orc:2    | Found Inaag's Jewellery Shop.
 23626 | Orc:2    | 23626 ||| Stepping ~*~*~tactically~*~*~ (hiding).
 23731 | Orc:2    | Found Inagyoha's Distillery.
 23734 | Orc:2    | 23734 ||| BUYING +0 kite shield (76 gold).
 23734 | Orc:2    | Bought a +0 kite shield for 76 gold pieces
 23734 | Orc:2    | 23734 ||| BUYING +2 plate armour of willpower (680 gold).
 23734 | Orc:2    | Bought a +2 plate armour of willpower for 680 gold pieces
 23735 | Orc:2    | 23735 ||| BUYING +4 ring of evasion (504 gold).
 23735 | Orc:2    | Bought a +4 ring of evasion for 504 gold pieces
 23735 | Orc:2    | 23735 ||| SHOPLISTING +4 ring of protection (504 gold, have
                  | 76).
 23735 | Orc:2    | 23735 ||| SHOPLISTING ring of fire (350 gold, have 76).
 23736 | Orc:2    | 23736 ||| SHOPLISTING 2 potions of lignification (102 gold,
                  | have 76).
 23736 | Orc:2    | 23736 ||| BUYING potion of attraction (51 gold).
 23736 | Orc:2    | Bought a potion of attraction for 51 gold pieces
 23736 | Orc:2    | 23736 ||| SHOPLISTING potion of attraction (51 gold, have
                  | 25).
 23736 | Orc:2    | 23736 ||| SHOPLISTING potion of curing (51 gold, have 25).
 23736 | Orc:2    | 23736 ||| SHOPLISTING potion of haste (170 gold, have 25).
 23736 | Orc:2    | 23736 ||| SHOPLISTING potion of lignification (51 gold,
                  | have 25).
 23737 | Orc:2    | 23737 ||| SHOPLISTING potion of haste (110 gold, have 25).
 23737 | Orc:2    | 23737 ||| SHOPLISTING potion of heal wounds (55 gold, have
                  | 25).
 23737 | Orc:2    | 23737 ||| SHOPLISTING potion of lignification (33 gold,
                  | have 25).
 23737 | Orc:2    | 23737 ||| SHOPLISTING potion of mutation (88 gold, have
                  | 25).
 23737 | Orc:2    | 23737 ||| SHOPLISTING potion of resistance (110 gold, have
                  | 25).
 23835 | Orc:2    | 23835 ||| INVOKING Heroism.
 24045 | Orc:2    | Found Negeseco's Assorted Antiques.
 24053 | Orc:2    | 24053 ||| SHOPLISTING scroll of brand weapon (313 gold,
                  | have 217).
 24124 | Orc:2    | 24124 ||| PLANNING SPIDER:1-3
 24124 | Orc:2    | 24124 ||| UPGRADING to +0 kite shield.
 24134 | Orc:2    | 24134 ||| DROPPING +0 buckler.
 24214 | Spider:1 | Entered Level 1 of the Spider Nest
 24255 | Spider:1 | 24255 ||| Stepping ~*~*~tactically~*~*~ (hiding).
 24264 | Spider:1 | Reached skill level 9 in Shields
 24279 | Spider:1 | 24279 ||| Stepping ~*~*~tactically~*~*~ (stealth).
 24415 | Spider:1 | Noticed Louise
 24416 | Spider:1 | 24416 ||| Stepping ~*~*~tactically~*~*~ (stealth).
 24417 | Spider:1 | 24417 ||| INVOKING Heroism.
 24418 | Spider:1 | 24418 ||| INVOKING Finesse.
 24447 | Spider:1 | Killed Louise
 24480 | Spider:1 | 24480 ||| Stepping ~*~*~tactically~*~*~ (stealth).
 24528 | Spider:1 | 24528 ||| INVOKING Heroism.
 24603 | Spider:1 | Noticed a ghost moth
 24612 | Spider:1 | Received a gift from Okawaru
 24613 | Spider:1 | Reached XP level 16. HP: 104/104 MP: 6/23
 24748 | Spider:1 | Found the +3 hat of Pondering {ponderous, Will+ MP+10
                  | Int+5}
 24754 | Spider:1 | 24754 ||| Stepping ~*~*~tactically~*~*~ (hiding).
 24831 | Spider:1 | 24831 ||| INVOKING Finesse.
 24833 | Spider:1 | 24833 ||| INVOKING Heroism.
 25223 | Spider:1 | 25223 ||| Stepping ~*~*~tactically~*~*~ (hiding).
 25232 | Spider:1 | 25232 ||| DRINKING 6 potions of curing.
 25232 | Spider:1 | 25232 ||| (to cure confusion)
 25233 | Spider:1 | 25233 ||| INVOKING Heroism.
 25271 | Spider:1 | 25271 ||| Stepping ~*~*~tactically~*~*~ (stealth).
 25276 | Spider:1 | 25276 ||| Stepping ~*~*~tactically~*~*~ (hiding).
 25307 | Spider:1 | 25307 ||| Stepping ~*~*~tactically~*~*~ (stealth).
 25308 | Spider:1 | 25308 ||| Stepping ~*~*~tactically~*~*~ (hiding).
 25310 | Spider:1 | 25310 ||| INVOKING Finesse.
 25313 | Spider:1 | 25313 ||| INVOKING Heroism.
 25433 | Spider:1 | Reached skill level 12 in Shields
 25478 | Spider:1 | 25478 ||| Stepping ~*~*~tactically~*~*~ (hiding).
 25481 | Spider:1 | 25481 ||| INVOKING Finesse.
 25483 | Spider:1 | 25483 ||| INVOKING Heroism.
 25641 | Spider:1 | 25641 ||| UPGRADING to +2 tower shield.
 25651 | Spider:1 | 25651 ||| DROPPING +0 kite shield.
 25684 | Spider:2 | 25684 ||| INVOKING Heroism.
 25690 | Spider:2 | Received a gift from Okawaru
 25735 | Spider:2 | 25735 ||| INVOKING Heroism.
 25795 | Spider:2 | 25795 ||| INVOKING Heroism.
 25828 | Spider:2 | 25828 ||| INVOKING Heroism.
 25832 | Spider:2 | 25832 ||| INVOKING Finesse.
 25876 | Spider:2 | Received a gift from Okawaru
 25877 | Spider:2 | 25877 ||| Stepping ~*~*~tactically~*~*~ (hiding).
 25998 | Spider:2 | 25998 ||| READING scroll of enchant weapon.
 25998 | Spider:2 | 25998 ||| ENCHANTING +5 vampiric war axe.
 26069 | Spider:2 | 26069 ||| Stepping ~*~*~tactically~*~*~ (stealth).
 26070 | Spider:2 | 26070 ||| Stepping ~*~*~tactically~*~*~ (stealth).
 26072 | Spider:2 | 26072 ||| INVOKING Heroism.
 26318 | Spider:2 | 26318 ||| INVOKING Heroism.
 26616 | Spider:2 | 26616 ||| Stepping ~*~*~tactically~*~*~ (stealth).
 26618 | Spider:2 | 26618 ||| INVOKING Heroism.
 26636 | Spider:2 | 26636 ||| Stepping ~*~*~tactically~*~*~ (stealth).
 26698 | Spider:2 | Received a gift from Okawaru
 27102 | Spider:2 | 27102 ||| DROPPING ring of willpower.
 27118 | Spider:3 | 27118 ||| STAIRDANCE
 27122 | Spider:2 | 27122 ||| DRINKING 7 potions of curing.
 27122 | Spider:2 | 27122 ||| (to cure confusion)
 27197 | Spider:3 | 27197 ||| FLEEEEING.
 27202 | Spider:3 | 27202 ||| STAIRDANCE
 27210 | Spider:3 | 27210 ||| STAIRDANCE
 27214 | Spider:3 | 27214 ||| STAIRDANCE
 27218 | Spider:3 | 27218 ||| STAIRDANCE
 27326 | Spider:3 | 27326 ||| READING scroll of enchant weapon.
 27326 | Spider:3 | 27326 ||| ENCHANTING +6 vampiric war axe.
 27327 | Spider:3 | 27327 ||| DROPPING +0 broad axe.
 27329 | Spider:3 | 27329 ||| INVOKING Heroism.
 27671 | Spider:3 | Identified the +3 pair of boots of the Prince of Darkness
                  | {Str+4}
 27682 | Spider:3 | 27682 ||| Stepping ~*~*~tactically~*~*~ (stealth).
 27689 | Spider:3 | 27689 ||| Stepping ~*~*~tactically~*~*~ (stealth).
 27691 | Spider:3 | 27691 ||| INVOKING Heroism.
 27709 | Spider:3 | Noticed Bai Suzhen
 27710 | Spider:3 | 27710 ||| INVOKING Finesse.
 27722 | Spider:3 | 27722 ||| INVOKING Heroism.
 27724 | Spider:3 | 27724 ||| SWAPPING to +2 morningstar of protection.
 27727 | Spider:3 | 27727 ||| Stepping ~*~*~tactically~*~*~ (outnumbered).
 27728 | Spider:3 | 27728 ||| Stepping ~*~*~tactically~*~*~ (outnumbered).
 27729 | Spider:3 | 27729 ||| Stepping ~*~*~tactically~*~*~ (outnumbered).
 27730 | Spider:3 | 27730 ||| Stepping ~*~*~tactically~*~*~ (outnumbered).
 27731 | Spider:3 | 27731 ||| INVOKING Finesse.
 27732 | Spider:3 | 27732 ||| Stepping ~*~*~tactically~*~*~ (outnumbered).
 27736 | Spider:3 | 27736 ||| Stepping ~*~*~tactically~*~*~ (outnumbered).
 27753 | Spider:3 | 27753 ||| Stepping ~*~*~tactically~*~*~ (outnumbered).
 27755 | Spider:3 | 27755 ||| SWAPPING to +7 vampiric war axe.
 27756 | Spider:3 | 27756 ||| SWAPPING to +2 morningstar of protection.
 27757 | Spider:3 | 27757 ||| SWAPPING to +7 vampiric war axe.
 27763 | Spider:3 | Killed Bai Suzhen
 27764 | Spider:3 | Reached skill level 15 in Shields
 27799 | Spider:3 | 27799 ||| Stepping ~*~*~tactically~*~*~ (stealth).
 27802 | Spider:3 | 27802 ||| FLEEEEING.
 27934 | Spider:3 | 27934 ||| Stepping ~*~*~tactically~*~*~ (stealth).
 27967 | Spider:3 | 27967 ||| Stepping ~*~*~tactically~*~*~ (stealth).
 27968 | Spider:3 | 27968 ||| Stepping ~*~*~tactically~*~*~ (stealth).
 28040 | Spider:3 | Noticed Aizul
 28041 | Spider:3 | 28041 ||| Stepping ~*~*~tactically~*~*~ (hiding).
 28043 | Spider:3 | 28043 ||| INVOKING Heroism.
 28044 | Spider:3 | 28044 ||| INVOKING Finesse.
 28068 | Spider:3 | Killed Aizul
 28164 | Spider:3 | 28164 ||| PLANNING SWAMP:1-3
 28164 | Spider:3 | 28164 ||| DROPPING +3 plate armour.
 28165 | Spider:3 | 28165 ||| UPGRADING to +3 pair of boots of the Prince of
                  | Darkness {Str+4}.
 28175 | Spider:3 | 28175 ||| DROPPING +1 pair of boots of the World {Will+}.
 28176 | Spider:3 | 28176 ||| DROPPING +2 plate armour of willpower.
 28333 | Swamp:1  | Entered Level 1 of the Swamp
 28349 | Swamp:1  | 28349 ||| INVOKING Heroism.
 28354 | Swamp:1  | Received a gift from Okawaru
 28455 | Swamp:1  | 28455 ||| INVOKING Heroism.
 28545 | Swamp:1  | 28545 ||| INVOKING Heroism.
 28616 | Swamp:1  | 28616 ||| Stepping ~*~*~tactically~*~*~ (hiding).
 28754 | Swamp:1  | 28754 ||| INVOKING Heroism.
 28851 | Swamp:1  | 28851 ||| INVOKING Heroism.
 28866 | Swamp:1  | 28866 ||| Stepping ~*~*~tactically~*~*~ (hiding).
 28873 | Swamp:1  | Reached XP level 17. HP: 108/108 MP: 24/24
 28892 | Swamp:1  | 28892 ||| Stepping ~*~*~tactically~*~*~ (stealth).
 28897 | Swamp:1  | 28897 ||| Stepping ~*~*~tactically~*~*~ (stealth).
 28899 | Swamp:1  | 28899 ||| Stepping ~*~*~tactically~*~*~ (stealth).
 28900 | Swamp:1  | Noticed Kirke
 28901 | Swamp:1  | 28901 ||| Stepping ~*~*~tactically~*~*~ (stealth).
 28905 | Swamp:1  | 28905 ||| INVOKING Heroism.
 28906 | Swamp:1  | Received a gift from Okawaru
 28920 | Swamp:1  | Killed Kirke
 28952 | Swamp:1  | 28952 ||| INVOKING Heroism.
 29076 | Swamp:1  | 29076 ||| Stepping ~*~*~tactically~*~*~ (hiding).
 29108 | Swamp:1  | 29108 ||| Stepping ~*~*~tactically~*~*~ (stealth).
 29112 | Swamp:1  | 29112 ||| Stepping ~*~*~tactically~*~*~ (stealth).
 29113 | Swamp:1  | 29113 ||| Stepping ~*~*~tactically~*~*~ (stealth).
 29114 | Swamp:1  | 29114 ||| Stepping ~*~*~tactically~*~*~ (stealth).
 29335 | Swamp:2  | 29335 ||| Stepping ~*~*~tactically~*~*~ (hiding).
 29386 | Swamp:2  | 29386 ||| INVOKING Heroism.
 29459 | Swamp:2  | 29459 ||| INVOKING Heroism.
 29460 | Swamp:2  | 29460 ||| SWAPPING to +2 morningstar of protection.
 29466 | Swamp:2  | 29466 ||| SWAPPING to +7 vampiric war axe.
 29491 | Swamp:2  | 29491 ||| Stepping ~*~*~tactically~*~*~ (hiding).
 29514 | Swamp:2  | 29514 ||| Stepping ~*~*~tactically~*~*~ (hiding).
 29546 | Swamp:2  | 29546 ||| READING scroll of enchant armour.
 29546 | Swamp:2  | 29546 ||| ENCHANTING +2 plate armour of fire resistance.
 29566 | Swamp:2  | 29566 ||| FLEEEEING.
 29570 | Swamp:2  | 29570 ||| Stepping ~*~*~tactically~*~*~ (hiding).
 29574 | Swamp:2  | 29574 ||| INVOKING Heroism.
 29575 | Swamp:2  | 29575 ||| SWAPPING to +2 morningstar of protection.
 29593 | Swamp:2  | 29593 ||| SWAPPING to +7 vampiric war axe.
 29954 | Swamp:3  | 29954 ||| INVOKING Heroism.
 29968 | Swamp:3  | Identified the +1 robe "Fel Beem" {rF+ Will+ Str+3}
                  | (Okawaru gifted it to you on level 3 of the Swamp)
 29968 | Swamp:3  | Received a gift from Okawaru
 29974 | Swamp:3  | 29974 ||| SWAPPING to +2 morningstar of protection.
 29976 | Swamp:3  | 29976 ||| SWAPPING to +7 vampiric war axe.
 30002 | Swamp:3  | 30002 ||| INVOKING Heroism.
 30199 | Swamp:3  | 30199 ||| Stepping ~*~*~tactically~*~*~ (hiding).
 30202 | Swamp:3  | 30202 ||| INVOKING Heroism.
 30560 | Swamp:3  | 30560 ||| PLANNING SPIDER:4
 30560 | Swamp:3  | 30560 ||| DROPPING amulet of magic regeneration.
 30767 | Spider:4 | Entered Level 4 of the Spider Nest
 30872 | Spider:4 | 30872 ||| Stepping ~*~*~tactically~*~*~ (stealth).
 30923 | Spider:4 | 30923 ||| Stepping ~*~*~tactically~*~*~ (hiding).
 30927 | Spider:4 | 30927 ||| INVOKING Finesse.
 30941 | Spider:4 | 30941 ||| INVOKING Heroism.
 30994 | Spider:4 | 30994 ||| Stepping ~*~*~tactically~*~*~ (stealth).
 30996 | Spider:4 | 30996 ||| Stepping ~*~*~tactically~*~*~ (hiding).
 31059 | Spider:4 | 31059 ||| Stepping ~*~*~tactically~*~*~ (stealth).
 31110 | Spider:4 | 31110 ||| Stepping ~*~*~tactically~*~*~ (hiding).
 31116 | Spider:4 | 31116 ||| INVOKING Heroism.
 31156 | Spider:4 | HP: 17/110 [emperor scorpion (28)]
 31157 | Spider:4 | 31157 ||| READING 9 scrolls of teleportation.
 31157 | Spider:4 | HP: 8/110 [emperor scorpion (3)]
 31157 | Spider:4 | HP: 1/110 [emperor scorpion (6)]
 31158 | Spider:4 | 31158 ||| DRINKING 7 potions of heal wounds.
 31159 | Spider:4 | 31159 ||| DRINKING 6 potions of heal wounds.
 31530 | Spider:4 | 31530 ||| Stepping ~*~*~tactically~*~*~ (stealth).
 31589 | Spider:4 | Reached skill level 14 in Fighting
 31694 | Spider:4 | 31694 ||| INVOKING Heroism.
 31728 | Spider:4 | 31728 ||| INVOKING Heroism.
 31757 | Spider:4 | 31757 ||| INVOKING Heroism.
 31759 | Spider:4 | Reached skill level 18 in Shields
 31893 | Spider:4 | Identified the +0 hat of the Living God {rPois Will- Regen+
                  | MP+9}
 31905 | Spider:4 | Got a gossamer rune of Zot
 32260 | Spider:4 | Noticed Agnes
 32261 | Spider:4 | 32261 ||| INVOKING Heroism.
 32262 | Spider:4 | 32262 ||| INVOKING Finesse.
 32277 | Spider:4 | Killed Agnes
 32336 | Spider:4 | Identified the amulet of Dituuw {Faith rF+ rC+}
 32388 | Spider:4 | 32388 ||| FLEEEEING.
 32390 | Spider:4 | 32390 ||| Stepping ~*~*~tactically~*~*~ (stealth).
 32391 | Spider:4 | 32391 ||| Stepping ~*~*~tactically~*~*~ (stealth).
 32511 | Spider:4 | 32511 ||| PLANNING VAULTS:1-4
 32511 | Spider:4 | 32511 ||| UPGRADING to scarf of resistance.
 32521 | Spider:4 | 32521 ||| DROPPING +0 hat of the Living God {rPois Will-
                  | Regen+ MP+9}.
 32704 | D:11     | 32704 ||| READING scroll of enchant weapon.
 32704 | D:11     | 32704 ||| ENCHANTING +7 vampiric war axe.
 32781 | Vaults:1 | Entered Level 1 of the Vaults
 32787 | Vaults:1 | 32787 ||| INVOKING Heroism.
 32822 | Vaults:1 | 32822 ||| INVOKING Heroism.
 32841 | Vaults:1 | Reached XP level 18. HP: 117/117 MP: 25/25
 32851 | Vaults:1 | 32851 ||| Stepping ~*~*~tactically~*~*~ (hiding).
 32856 | Vaults:1 | 32856 ||| INVOKING Heroism.
 32881 | Vaults:1 | Reached skill level 15 in Fighting
 32984 | Vaults:1 | 32984 ||| DROPPING +2 morningstar of protection.
 32999 | Vaults:1 | 32999 ||| INVOKING Heroism.
 33201 | Vaults:1 | 33201 ||| Stepping ~*~*~tactically~*~*~ (hiding).
 33277 | Vaults:1 | 33277 ||| INVOKING Heroism.
 33278 | Vaults:1 | 33278 ||| INVOKING Finesse.
 33365 | Vaults:1 | 33365 ||| Stepping ~*~*~tactically~*~*~ (hiding).
 33366 | Vaults:1 | 33366 ||| INVOKING Heroism.
 33387 | Vaults:1 | Received a gift from Okawaru
 33387 | Vaults:1 | Found the +14 obsidian axe {vorpal, Mesm Drain Fly SInv}
 33399 | Vaults:1 | 33399 ||| INVOKING Heroism.
 34069 | Vaults:1 | 34069 ||| Stepping ~*~*~tactically~*~*~ (hiding).
 34305 | Vaults:2 | You are sucked into a shaft and drop 2 floors!
 34306 | Vaults:4 | 34306 ||| PLANNING DESOLATION
 34314 | Vaults:4 | 34314 ||| Stepping ~*~*~tactically~*~*~ (stealth).
 34316 | Vaults:4 | 34316 ||| Stepping ~*~*~tactically~*~*~ (stealth).
 34317 | Vaults:4 | 34317 ||| Stepping ~*~*~tactically~*~*~ (stealth).
 34368 | Vaults:4 | 34368 ||| Stepping ~*~*~tactically~*~*~ (hiding).
 34379 | Vaults:4 | 34379 ||| INVOKING Heroism.
 34398 | Vaults:4 | Reached skill level 6 in Dodging
 34404 | Vaults:4 | 34404 ||| READING scroll of enchant weapon.
 34404 | Vaults:4 | 34404 ||| ENCHANTING +8 vampiric war axe.
 34414 | Vaults:4 | 34414 ||| Stepping ~*~*~tactically~*~*~ (stealth).
 34426 | Vaults:4 | 34426 ||| Stepping ~*~*~tactically~*~*~ (hiding).
 34435 | Vaults:4 | 34435 ||| INVOKING Heroism.
 34482 | Vaults:4 | 34482 ||| READING scroll of enchant armour.
 34482 | Vaults:4 | 34482 ||| ENCHANTING +3 plate armour of fire resistance.
 34638 | Vaults:4 | Found a crumbling gateway.
 34639 | Vaults:4 | 34639 ||| DROPPING +4 storm dragon scales {Bai Suzhen}.
 34647 | Desolati | Entered the Desolation of Salt
 34667 | Desolati | Identified the ring of Joecseg {Fly rF- rN+ Int+6}
 34669 | Desolati | Identified the +1 steam dragon scales of Limitation {rF+
                  | Int+2 Dex-5}
 34670 | Desolati | 34670 ||| Stepping ~*~*~tactically~*~*~ (hiding).
 34671 | Desolati | 34671 ||| Stepping ~*~*~tactically~*~*~ (hiding).
 34693 | Desolati | 34693 ||| INVOKING Heroism.
 34790 | Desolati | 34790 ||| Stepping ~*~*~tactically~*~*~ (hiding).
 34904 | Desolati | Identified the ring of the Raven {rElec rC+ rN+}
 34968 | Desolati | 34968 ||| INVOKING Heroism.
 34969 | Desolati | 34969 ||| INVOKING Finesse.
 34977 | Desolati | Received a gift from Okawaru
 35029 | Desolati | Identified the ring "Ytihimuq" {rPois Will+ Dex+2 SInv}
 35202 | Desolati | 35202 ||| INVOKING Heroism.
 35203 | Desolati | 35203 ||| Stepping ~*~*~tactically~*~*~ (stealth).
 35227 | Desolati | Identified the +1 plate armour of the Red Skies {Dex+3}
                  | (Okawaru gifted it to you in the Desolation of Salt)
 35227 | Desolati | Received a gift from Okawaru
 35248 | Desolati | Identified the +0 plate armour "Sini" {rCorr Dex+4 Stlth+}
 35256 | Desolati | 35256 ||| Stepping ~*~*~tactically~*~*~ (hiding).
 35267 | Desolati | Reached skill level 9 in Throwing
 35557 | Desolati | 35557 ||| Stepping ~*~*~tactically~*~*~ (stealth).
 35671 | Desolati | Identified the ring "Tetiq" {rF+ Str+3 Int-5 SInv}
 35682 | Desolati | Identified the +4 robe of Rytowk {rPois}
 35685 | Desolati | Identified the +9 mace of Jesore Cisch {elec, rF- Will+
                  | Dex+2 Stlth+}
 35747 | Desolati | 35747 ||| DROPPING +0 acid dragon scales.
 35748 | Desolati | 35748 ||| DROPPING +1 plate armour of the Red Skies
                  | {Dex+3}.
 35749 | Desolati | 35749 ||| DROPPING ring of Joecseg {Fly rF- rN+ Int+6}.
 35750 | Desolati | 35750 ||| UPGRADING to ring "Ytihimuq" {rPois Will+ Dex+2
                  | SInv}.
 35752 | Desolati | 35752 ||| DROPPING ring of see invisible.
 35785 | Vaults:4 | 35785 ||| PLANNING VAULTS:1-4
 35790 | Vaults:4 | 35790 ||| INVOKING Heroism.
 35796 | Vaults:4 | Reached skill level 16 in Fighting
 35821 | Vaults:4 | 35821 ||| INVOKING Heroism.
 35828 | Vaults:4 | Reached XP level 19. HP: 125/125 MP: 24/26
 35849 | Vaults:4 | 35849 ||| INVOKING Finesse.
 35911 | Vaults:4 | 35911 ||| Stepping ~*~*~tactically~*~*~ (hiding).
 35913 | Vaults:4 | 35913 ||| Stepping ~*~*~tactically~*~*~ (hiding).
 35941 | Vaults:4 | 35941 ||| Stepping ~*~*~tactically~*~*~ (stealth).
 35960 | Vaults:4 | 35960 ||| Stepping ~*~*~tactically~*~*~ (hiding).
 35970 | Vaults:4 | 35970 ||| Stepping ~*~*~tactically~*~*~ (hiding).
 35979 | Vaults:4 | 35979 ||| Stepping ~*~*~tactically~*~*~ (stealth).
 36048 | Vaults:3 | 36048 ||| Stepping ~*~*~tactically~*~*~ (hiding).
 36064 | Vaults:3 | 36064 ||| INVOKING Heroism.
 36148 | Vaults:3 | 36148 ||| Stepping ~*~*~tactically~*~*~ (hiding).
 36157 | Vaults:3 | 36157 ||| INVOKING Heroism.
 36181 | Vaults:3 | Reached skill level 15 in Armour
 36193 | Vaults:3 | 36193 ||| Stepping ~*~*~tactically~*~*~ (hiding).
 36265 | Vaults:3 | 36265 ||| INVOKING Heroism.
 36285 | Vaults:3 | Received a gift from Okawaru
 36288 | Vaults:3 | 36288 ||| DROPPING +4 broad axe of draining.
 36408 | Vaults:3 | 36408 ||| INVOKING Heroism.
 36426 | Vaults:3 | 36426 ||| DROPPING amulet of guardian spirit.
 36447 | Vaults:2 | 36447 ||| DROPPING +2 pair of gloves.
 36482 | Vaults:2 | 36482 ||| INVOKING Heroism.
 36646 | Vaults:2 | Reached skill level 17 in Fighting
 36684 | Vaults:2 | 36684 ||| INVOKING Heroism.
 36685 | Vaults:2 | Noticed Margery
 36707 | Vaults:2 | Killed Margery
 36810 | Vaults:2 | 36810 ||| INVOKING Heroism.
 36829 | Vaults:2 | 36829 ||| Stepping ~*~*~tactically~*~*~ (hiding).
 36952 | Vaults:2 | 36952 ||| Stepping ~*~*~tactically~*~*~ (stealth).
 36953 | Vaults:2 | 36953 ||| Stepping ~*~*~tactically~*~*~ (stealth).
 37081 | Vaults:2 | 37081 ||| INVOKING Heroism.
 37082 | Vaults:2 | 37082 ||| INVOKING Finesse.
 37083 | Vaults:2 | 37083 ||| Stepping ~*~*~tactically~*~*~ (hiding).
 37086 | Vaults:2 | 37086 ||| Stepping ~*~*~tactically~*~*~ (hiding).
 37093 | Vaults:2 | Identified the +7 falchion of Hospitality {freeze, Int+6}
                  | (Okawaru gifted it to you on level 2 of the Vaults)
 37093 | Vaults:2 | Received a gift from Okawaru
 37153 | Vaults:2 | 37153 ||| INVOKING Heroism.
 37236 | Vaults:2 | 37236 ||| Stepping ~*~*~tactically~*~*~ (hiding).
 37349 | Vaults:2 | 37349 ||| Stepping ~*~*~tactically~*~*~ (hiding).
 37350 | Vaults:2 | 37350 ||| Stepping ~*~*~tactically~*~*~ (hiding).
 37351 | Vaults:2 | 37351 ||| Stepping ~*~*~tactically~*~*~ (hiding).
 37352 | Vaults:2 | 37352 ||| Stepping ~*~*~tactically~*~*~ (hiding).
 37371 | Vaults:2 | 37371 ||| Stepping ~*~*~tactically~*~*~ (hiding).
 37388 | Vaults:2 | 37388 ||| INVOKING Heroism.
 37390 | Vaults:2 | 37390 ||| INVOKING Finesse.
 37591 | Vaults:2 | Found a staircase to the Crypt.
 37591 | Vaults:2 | Found a basalt altar of Yredelemnul.
 37593 | Vaults:2 | 37593 ||| INVOKING Heroism.
 37619 | Vaults:2 | Found an ancient bone altar of Kikubaaqudgha.
 37689 | Vaults:2 | 37689 ||| INVOKING Heroism.
 37870 | Vaults:2 | 37870 ||| Stepping ~*~*~tactically~*~*~ (stealth).
 37872 | Vaults:2 | 37872 ||| Stepping ~*~*~tactically~*~*~ (hiding).
 37929 | Vaults:2 | 37929 ||| Stepping ~*~*~tactically~*~*~ (hiding).
 37932 | Vaults:2 | 37932 ||| Stepping ~*~*~tactically~*~*~ (hiding).
 38048 | Vaults:2 | 38048 ||| DROPPING +6 ring of strength.
 38064 | Vaults:2 | 38064 ||| Stepping ~*~*~tactically~*~*~ (stealth).
 38366 | Vaults:3 | 38366 ||| INVOKING Heroism.
 38367 | Vaults:3 | 38367 ||| INVOKING Finesse.
 38375 | Vaults:3 | Received a gift from Okawaru
 38376 | Vaults:3 | Reached XP level 20. HP: 128/134 MP: 20/27
 38530 | Vaults:3 | Found Hyac's Weapon Boutique.
 38576 | Vaults:3 | 38576 ||| FLEEEEING.
 38577 | Vaults:3 | 38577 ||| FLEEEEING.
 38578 | Vaults:3 | 38578 ||| FLEEEEING.
 38579 | Vaults:3 | 38579 ||| FLEEEEING.
 38584 | Vaults:3 | 38584 ||| FLEEEEING.
 38585 | Vaults:3 | 38585 ||| FLEEEEING.
 38586 | Vaults:3 | 38586 ||| FLEEEEING.
 38587 | Vaults:3 | 38587 ||| FLEEEEING.
 38588 | Vaults:3 | 38588 ||| FLEEEEING.
 38589 | Vaults:3 | 38589 ||| FLEEEEING.
 38590 | Vaults:3 | 38590 ||| FLEEEEING.
 38591 | Vaults:3 | 38591 ||| FLEEEEING.
 38592 | Vaults:3 | 38592 ||| FLEEEEING.
 38593 | Vaults:3 | 38593 ||| FLEEEEING.
 38594 | Vaults:3 | 38594 ||| FLEEEEING.
 38595 | Vaults:3 | 38595 ||| FLEEEEING.
 38596 | Vaults:3 | 38596 ||| FLEEEEING.
 38597 | Vaults:3 | 38597 ||| FLEEEEING.
 38598 | Vaults:3 | 38598 ||| FLEEEEING.
 38599 | Vaults:3 | 38599 ||| FLEEEEING.
 38600 | Vaults:3 | 38600 ||| FLEEEEING.
 38601 | Vaults:3 | 38601 ||| FLEEEEING.
 38602 | Vaults:3 | 38602 ||| FLEEEEING.
 38603 | Vaults:3 | 38603 ||| FLEEEEING.
 38604 | Vaults:3 | 38604 ||| FLEEEEING.
 38605 | Vaults:3 | 38605 ||| FLEEEEING.
 38606 | Vaults:3 | 38606 ||| FLEEEEING.
 38607 | Vaults:3 | 38607 ||| FLEEEEING.
 38608 | Vaults:3 | 38608 ||| FLEEEEING.
 38609 | Vaults:3 | 38609 ||| FLEEEEING.
 38610 | Vaults:3 | 38610 ||| FLEEEEING.
 38611 | Vaults:3 | 38611 ||| FLEEEEING.
 38612 | Vaults:3 | 38612 ||| FLEEEEING.
 38613 | Vaults:3 | 38613 ||| FLEEEEING.
 38614 | Vaults:3 | 38614 ||| FLEEEEING.
 38615 | Vaults:3 | 38615 ||| FLEEEEING.
 38616 | Vaults:3 | 38616 ||| FLEEEEING.
 38617 | Vaults:3 | 38617 ||| FLEEEEING.
 38618 | Vaults:3 | 38618 ||| FLEEEEING.
 38621 | Vaults:3 | 38621 ||| FLEEEEING.
 38622 | Vaults:3 | 38622 ||| FLEEEEING.
 38623 | Vaults:3 | 38623 ||| FLEEEEING.
 38624 | Vaults:3 | 38624 ||| FLEEEEING.
 38625 | Vaults:3 | 38625 ||| FLEEEEING.
 38626 | Vaults:3 | 38626 ||| FLEEEEING.
 38627 | Vaults:3 | 38627 ||| FLEEEEING.
 38628 | Vaults:3 | 38628 ||| FLEEEEING.
 38629 | Vaults:3 | 38629 ||| FLEEEEING.
 38630 | Vaults:3 | 38630 ||| FLEEEEING.
 38631 | Vaults:3 | 38631 ||| FLEEEEING.
 38632 | Vaults:3 | 38632 ||| FLEEEEING.
 38633 | Vaults:3 | 38633 ||| FLEEEEING.
 38634 | Vaults:3 | 38634 ||| FLEEEEING.
 38635 | Vaults:3 | 38635 ||| FLEEEEING.
 38636 | Vaults:3 | 38636 ||| FLEEEEING.
 38641 | Vaults:3 | 38641 ||| FLEEEEING.
 38642 | Vaults:3 | 38642 ||| FLEEEEING.
 38643 | Vaults:3 | 38643 ||| FLEEEEING.
 38644 | Vaults:3 | 38644 ||| FLEEEEING.
 38645 | Vaults:3 | 38645 ||| FLEEEEING.
 38646 | Vaults:3 | 38646 ||| FLEEEEING.
 38647 | Vaults:3 | 38647 ||| FLEEEEING.
 38648 | Vaults:3 | 38648 ||| FLEEEEING.
 38649 | Vaults:3 | 38649 ||| FLEEEEING.
 38650 | Vaults:3 | 38650 ||| FLEEEEING.
 38651 | Vaults:3 | 38651 ||| FLEEEEING.
 38652 | Vaults:3 | 38652 ||| FLEEEEING.
 38653 | Vaults:3 | 38653 ||| FLEEEEING.
 38654 | Vaults:3 | 38654 ||| FLEEEEING.
 38655 | Vaults:3 | 38655 ||| FLEEEEING.
 38656 | Vaults:3 | 38656 ||| FLEEEEING.
 38657 | Vaults:3 | 38657 ||| FLEEEEING.
 38658 | Vaults:3 | 38658 ||| FLEEEEING.
 38659 | Vaults:3 | 38659 ||| FLEEEEING.
 38660 | Vaults:3 | 38660 ||| FLEEEEING.
 38661 | Vaults:3 | 38661 ||| FLEEEEING.
 38662 | Vaults:3 | 38662 ||| FLEEEEING.
 38663 | Vaults:3 | 38663 ||| FLEEEEING.
 38664 | Vaults:3 | 38664 ||| FLEEEEING.
 38665 | Vaults:3 | 38665 ||| FLEEEEING.
 38666 | Vaults:3 | 38666 ||| FLEEEEING.
 38871 | Vaults:3 | 38871 ||| Stepping ~*~*~tactically~*~*~ (stealth).
 38873 | Vaults:3 | 38873 ||| Stepping ~*~*~tactically~*~*~ (stealth).
 38889 | Vaults:3 | Received a gift from Okawaru
 38891 | Vaults:3 | 38891 ||| Stepping ~*~*~tactically~*~*~ (stealth).
 38893 | Vaults:3 | 38893 ||| Stepping ~*~*~tactically~*~*~ (stealth).
 39037 | Vaults:3 | 39037 ||| Stepping ~*~*~tactically~*~*~ (stealth).
 39042 | Vaults:3 | 39042 ||| Stepping ~*~*~tactically~*~*~ (hiding).
 39228 | Vaults:3 | 39228 ||| Stepping ~*~*~tactically~*~*~ (stealth).
 39233 | Vaults:3 | 39233 ||| INVOKING Heroism.
 39251 | Vaults:3 | Reached skill level 18 in Fighting
 39491 | Vaults:4 | 39491 ||| Stepping ~*~*~tactically~*~*~ (hiding).
 39492 | Vaults:4 | 39492 ||| FLEEEEING.
 39534 | Vaults:4 | Found a gateway to a bazaar.
 39535 | Vaults:4 | 39535 ||| PLANNING BAZAAR
 39542 | Bazaar   | Entered a bazaar
 39544 | Bazaar   | Found Kolup's Weapon Boutique.
 39548 | Bazaar   | Found Kelluf's Jewellery Boutique.
 39548 | Bazaar   | Found Coasaoz's Antique Weapon Boutique.
 39549 | Bazaar   | Found Qugeny's Assorted Antiques.
 39554 | Bazaar   | 39554 ||| BUYING scroll of teleportation (54 gold).
 39554 | Bazaar   | Bought a scroll of teleportation for 54 gold pieces
 39559 | Bazaar   | 39559 ||| BUYING ring of ice (425 gold).
 39559 | Bazaar   | Bought a ring of ice for 425 gold pieces
 39559 | Bazaar   | 39559 ||| BUYING ring of protection from cold (425 gold).
 39559 | Bazaar   | Bought a ring of protection from cold for 425 gold pieces
 39570 | Bazaar   | 39570 ||| DROPPING ring of ice.
 39575 | Vaults:4 | 39575 ||| PLANNING VAULTS:1-4
 39617 | Vaults:4 | Received a gift from Okawaru
 39664 | Vaults:4 | 39664 ||| Stepping ~*~*~tactically~*~*~ (stealth).
 39722 | Vaults:4 | Received a gift from Okawaru
 39769 | Vaults:4 | Found a transporter.
 39779 | Vaults:4 | Found a transporter.
 39847 | Vaults:4 | 39847 ||| INVOKING Heroism.
 39874 | Vaults:4 | 39874 ||| PLANNING SWAMP:4
 40185 | Swamp:4  | Entered Level 4 of the Swamp
 40203 | Swamp:4  | 40203 ||| READING 10 scrolls of teleportation.
 40205 | Swamp:4  | 40205 ||| INVOKING Heroism.
 40223 | Swamp:4  | 40223 ||| Stepping ~*~*~tactically~*~*~ (stealth).
 40224 | Swamp:4  | 40224 ||| Stepping ~*~*~tactically~*~*~ (hiding).
 40225 | Swamp:4  | 40225 ||| Stepping ~*~*~tactically~*~*~ (hiding).
 40226 | Swamp:4  | 40226 ||| Stepping ~*~*~tactically~*~*~ (hiding).
 40227 | Swamp:4  | 40227 ||| Stepping ~*~*~tactically~*~*~ (hiding).
 40228 | Swamp:4  | 40228 ||| INVOKING Heroism.
 40229 | Swamp:4  | 40229 ||| INVOKING Finesse.
 40238 | Swamp:4  | Received a gift from Okawaru
 40315 | Swamp:4  | 40315 ||| Stepping ~*~*~tactically~*~*~ (hiding).
 40343 | Swamp:4  | 40343 ||| Stepping ~*~*~tactically~*~*~ (stealth).
 40346 | Swamp:4  | 40346 ||| Stepping ~*~*~tactically~*~*~ (stealth).
 40352 | Swamp:4  | 40352 ||| Stepping ~*~*~tactically~*~*~ (stealth).
 40354 | Swamp:4  | 40354 ||| INVOKING Heroism.
 40389 | Swamp:4  | 40389 ||| Stepping ~*~*~tactically~*~*~ (stealth).
 40402 | Swamp:4  | 40402 ||| READING 9 scrolls of teleportation.
 40403 | Swamp:4  | 40403 ||| Stepping ~*~*~tactically~*~*~ (cloud).
 40419 | Swamp:4  | 40419 ||| INVOKING Heroism.
 40544 | Swamp:4  | Received a gift from Okawaru
 40664 | Swamp:4  | 40664 ||| Stepping ~*~*~tactically~*~*~ (hiding).
 40754 | Swamp:4  | 40754 ||| Stepping ~*~*~tactically~*~*~ (hiding).
 40761 | Swamp:4  | Received a gift from Okawaru
 40776 | Swamp:4  | 40776 ||| Stepping ~*~*~tactically~*~*~ (hiding).
 41048 | Swamp:4  | Got a decaying rune of Zot
 41199 | Swamp:4  | 41199 ||| PLANNING DEPTHS
 41403 | Depths:1 | Entered Level 1 of the Depths
 41412 | Depths:1 | Found an opulent altar of Gozag.
 41496 | Depths:1 | 41496 ||| INVOKING Heroism.
 41497 | Depths:1 | 41497 ||| INVOKING Finesse.
 41524 | Depths:1 | Identified the +2 robe of Depression {*Corrode rN+ Int+2
                  | Stlth+} (Okawaru gifted it to you on level 1 of the Depths)
 41524 | Depths:1 | Received a gift from Okawaru
 41625 | Depths:1 | Noticed Nikola
 41656 | Depths:1 | Killed Nikola
 41726 | Depths:1 | Found a gateway to Hell.
 41752 | Depths:1 | 41752 ||| INVOKING Heroism.
 41753 | Depths:1 | 41753 ||| INVOKING Finesse.
 41852 | Depths:1 | Found Lojaudd's Book Shoppe.
 41853 | Depths:1 | Found Vamot's Jewellery Boutique.
 41854 | Depths:1 | Found Rehep's Book Shoppe.
 41862 | Depths:1 | 41862 ||| SHOPLISTING ring of Qeushrual {rElec rN++ rCorr
                  | EV+4 Int-3} (1076 gold, have 629).
 41967 | Depths:1 | 41967 ||| DROPPING +0 cloak.
 42012 | Depths:2 | 42012 ||| INVOKING Heroism.
 42033 | Depths:2 | 42033 ||| Stepping ~*~*~tactically~*~*~ (hiding).
 42035 | Depths:2 | 42035 ||| INVOKING Finesse.
 42047 | Depths:2 | Reached skill level 19 in Fighting
 42105 | Depths:2 | Reached XP level 21. HP: 134/144 MP: 28/28
 42117 | Depths:2 | 42117 ||| Stepping ~*~*~tactically~*~*~ (cloud).
 42202 | Depths:2 | Found a one-way gate leading to the halls of Pandemonium.
 42225 | Depths:2 | 42225 ||| FLEEEEING.
 42226 | Depths:2 | 42226 ||| FLEEEEING.
 42229 | Depths:2 | 42229 ||| FLEEEEING.
 42230 | Depths:2 | 42230 ||| FLEEEEING.
 42231 | Depths:2 | 42231 ||| FLEEEEING.
 42234 | Depths:2 | 42234 ||| FLEEEEING.
 42235 | Depths:2 | 42235 ||| FLEEEEING.
 42236 | Depths:2 | 42236 ||| FLEEEEING.
 42237 | Depths:2 | 42237 ||| FLEEEEING.
 42238 | Depths:2 | 42238 ||| FLEEEEING.
 42239 | Depths:2 | 42239 ||| FLEEEEING.
 42240 | Depths:2 | 42240 ||| FLEEEEING.
 42241 | Depths:2 | 42241 ||| FLEEEEING.
 42282 | Depths:2 | 42282 ||| INVOKING Finesse.
 42443 | Depths:2 | 42443 ||| Stepping ~*~*~tactically~*~*~ (hiding).
 42444 | Depths:2 | 42444 ||| Stepping ~*~*~tactically~*~*~ (hiding).
 42445 | Depths:2 | 42445 ||| INVOKING Heroism.
 42446 | Depths:2 | 42446 ||| INVOKING Finesse.
 42478 | Depths:2 | 42478 ||| Stepping ~*~*~tactically~*~*~ (stealth).
 42486 | Depths:2 | 42486 ||| Stepping ~*~*~tactically~*~*~ (stealth).
 42506 | Depths:2 | Reached skill level 9 in Dodging
 42524 | Depths:2 | 42524 ||| Stepping ~*~*~tactically~*~*~ (hiding).
 42558 | Depths:2 | 42558 ||| INVOKING Heroism.
 42615 | Depths:2 | 42615 ||| Stepping ~*~*~tactically~*~*~ (stealth).
 42616 | Depths:2 | 42616 ||| Stepping ~*~*~tactically~*~*~ (stealth).
 42618 | Depths:2 | 42618 ||| INVOKING Heroism.
 42619 | Depths:2 | 42619 ||| INVOKING Finesse.
 42782 | Depths:2 | 42782 ||| Stepping ~*~*~tactically~*~*~ (stealth).
 42804 | Depths:2 | Reached skill level 18 in Armour
 42878 | Depths:2 | Noticed a caustic shrike
 42879 | Depths:2 | 42879 ||| Stepping ~*~*~tactically~*~*~ (hiding).
 42880 | Depths:2 | 42880 ||| INVOKING Heroism.
 42881 | Depths:2 | 42881 ||| INVOKING Finesse.
 42896 | Depths:2 | Killed a caustic shrike
 43090 | Depths:2 | You are sucked into a shaft and drop 2 floors!
 43090 | Depths:4 | Entered Level 4 of the Depths
 43091 | Depths:4 | 43091 ||| INVOKING Heroism.
 43100 | Depths:4 | Noticed a bone dragon
 43109 | Depths:4 | Received a gift from Okawaru
 43132 | Depths:4 | Killed a bone dragon
 43134 | Depths:4 | 43134 ||| INVOKING Heroism.
 43135 | Depths:4 | HP: 27/144 [spriggan rider/+1 vampiric spear (16)]
 43136 | Depths:4 | 43136 ||| READING 8 scrolls of teleportation.
 43137 | Depths:4 | 43137 ||| DRINKING 8 potions of heal wounds.
 43140 | Depths:4 | 43140 ||| DRINKING 7 potions of heal wounds.
 43140 | Depths:4 | Found Buseaf's Weapon Boutique.
 43141 | Depths:4 | 43141 ||| INVOKING Finesse.
 43268 | Depths:3 | 43268 ||| Stepping ~*~*~tactically~*~*~ (hiding).
 43363 | Depths:3 | 43363 ||| INVOKING Heroism.
 43374 | Depths:3 | 43374 ||| INVOKING Finesse.
 43412 | Depths:3 | 43412 ||| INVOKING Heroism.
 43486 | Depths:3 | Found a one-way gate to the infinite horrors of the Abyss.
 43519 | Depths:3 | Reached skill level 20 in Fighting
 43598 | Depths:3 | 43598 ||| Stepping ~*~*~tactically~*~*~ (stealth).
 43600 | Depths:3 | 43600 ||| Stepping ~*~*~tactically~*~*~ (stealth).
 43603 | Depths:3 | 43603 ||| Stepping ~*~*~tactically~*~*~ (hiding).
 43606 | Depths:3 | 43606 ||| INVOKING Heroism.
 43622 | Depths:3 | 43622 ||| INVOKING Heroism.
 43623 | Depths:3 | 43623 ||| INVOKING Finesse.
 43733 | Depths:3 | 43733 ||| INVOKING Heroism.
 43734 | Depths:3 | 43734 ||| INVOKING Finesse.
 43758 | Depths:3 | Reached XP level 22. HP: 152/152 MP: 23/29
 43991 | Depths:3 | 43991 ||| Stepping ~*~*~tactically~*~*~ (stealth).
 43993 | Depths:3 | 43993 ||| INVOKING Heroism.
 44010 | Depths:3 | Received a gift from Okawaru
 44059 | Depths:3 | Found an ornate altar of the Wu Jian Council.
 44381 | Depths:3 | 44381 ||| INVOKING Heroism.
 44384 | Depths:3 | 44384 ||| INVOKING Finesse.
 44456 | Depths:3 | Noticed a golden dragon
 44457 | Depths:3 | 44457 ||| INVOKING Heroism.
 44458 | Depths:3 | 44458 ||| INVOKING Finesse.
 44474 | Depths:3 | Killed a golden dragon
 44475 | Depths:3 | Received a gift from Okawaru
 44646 | Depths:4 | 44646 ||| INVOKING Heroism.
 44663 | Depths:4 | 44663 ||| INVOKING Finesse.
 44736 | Depths:4 | Found a sparkling altar of Nemelex Xobeh.
 44766 | Depths:4 | Noticed a golden dragon
 44767 | Depths:4 | 44767 ||| Stepping ~*~*~tactically~*~*~ (hiding).
 44772 | Depths:4 | 44772 ||| INVOKING Heroism.
 44773 | Depths:4 | 44773 ||| INVOKING Finesse.
 44781 | Depths:4 | Killed a golden dragon
 44782 | Depths:4 | Reached skill level 21 in Shields
 44784 | Depths:4 | Found a one-way gateway to a ziggurat.
 44814 | Depths:4 | 44814 ||| INVOKING Finesse.
 44825 | Depths:4 | Received a gift from Okawaru
 44891 | Depths:4 | 44891 ||| Stepping ~*~*~tactically~*~*~ (hiding).
 44954 | Depths:4 | 44954 ||| Stepping ~*~*~tactically~*~*~ (hiding).
 44962 | Depths:4 | 44962 ||| INVOKING Heroism.
 44994 | Depths:4 | 44994 ||| Stepping ~*~*~tactically~*~*~ (hiding).
 45001 | Depths:4 | Received a gift from Okawaru
 45187 | Depths:4 | 45187 ||| READING scroll of enchant armour.
 45187 | Depths:4 | 45187 ||| ENCHANTING +4 plate armour of fire resistance.
 45202 | Depths:4 | 45202 ||| Stepping ~*~*~tactically~*~*~ (stealth).
 45204 | Depths:4 | 45204 ||| Stepping ~*~*~tactically~*~*~ (hiding).
 45208 | Depths:4 | 45208 ||| INVOKING Heroism.
 45225 | Depths:4 | 45225 ||| Stepping ~*~*~tactically~*~*~ (hiding).
 45227 | Depths:4 | 45227 ||| Stepping ~*~*~tactically~*~*~ (hiding).
 45244 | Depths:4 | Found a gate to the Realm of Zot.
 45392 | Depths:4 | 45392 ||| INVOKING Heroism.
 45451 | Depths:4 | 45451 ||| PLANNING VAULTS:5
 45735 | Vaults:5 | Entered Level 5 of the Vaults
 45736 | Vaults:5 | 45736 ||| STAIRDANCE
 45844 | Vaults:5 | 45844 ||| STAIRDANCE
 45846 | Vaults:4 | 45846 ||| INVOKING Heroism.
 45851 | Vaults:4 | Reached skill level 21 in Fighting
 45852 | Vaults:4 | Received a gift from Okawaru
 45869 | Vaults:5 | 45869 ||| STAIRDANCE
 45900 | Vaults:5 | 45900 ||| INVOKING Finesse.
 45901 | Vaults:5 | 45901 ||| INVOKING Heroism.
 45902 | Vaults:5 | Identified the +2 tower shield "Jaebeos" {*Corrode rF+++
                  | Will+++ Int+4}
 45902 | Vaults:5 | Noticed Mennas
 45911 | Vaults:5 | Reached skill level 12 in Throwing
 45918 | Vaults:5 | 45918 ||| STAIRDANCE
 45963 | Vaults:5 | 45963 ||| STAIRDANCE
 45965 | Vaults:4 | 45965 ||| INVOKING Heroism.
 45966 | Vaults:4 | 45966 ||| INVOKING Finesse.
 46015 | Vaults:5 | 46015 ||| STAIRDANCE
 46026 | Vaults:4 | 46026 ||| INVOKING Heroism.
 46030 | Vaults:4 | Received a gift from Okawaru
 46044 | Vaults:5 | 46044 ||| STAIRDANCE
 46128 | Vaults:5 | 46128 ||| INVOKING Heroism.
 46129 | Vaults:5 | 46129 ||| INVOKING Finesse.
 46144 | Vaults:5 | 46144 ||| STAIRDANCE
 46148 | Vaults:4 | Received a gift from Okawaru
 46187 | Vaults:5 | 46187 ||| STAIRDANCE
 46196 | Vaults:4 | Reached XP level 23. HP: 160/160 MP: 30/30
 46200 | Vaults:5 | 46200 ||| INVOKING Heroism.
 46201 | Vaults:5 | 46201 ||| INVOKING Finesse.
 46210 | Vaults:5 | HP: 39/160 [titan/bolt of lightning (3)]
 46211 | Vaults:5 | 46211 ||| READING 8 scrolls of teleportation.
 46212 | Vaults:5 | 46212 ||| DRINKING 9 potions of heal wounds.
 46213 | Vaults:5 | 46213 ||| DRINKING 8 potions of heal wounds.
 46220 | Vaults:5 | 46220 ||| Stepping ~*~*~tactically~*~*~ (hiding).
 46228 | Vaults:5 | 46228 ||| INVOKING Heroism.
 46235 | Vaults:5 | Noticed a golden dragon
 46236 | Vaults:5 | 46236 ||| Stepping ~*~*~tactically~*~*~ (hiding).
 46246 | Vaults:5 | Killed a golden dragon
 46252 | Vaults:5 | 46252 ||| Stepping ~*~*~tactically~*~*~ (stealth).
 46255 | Vaults:5 | 46255 ||| Stepping ~*~*~tactically~*~*~ (hiding).
 46257 | Vaults:5 | 46257 ||| Stepping ~*~*~tactically~*~*~ (stealth).
 46258 | Vaults:5 | 46258 ||| INVOKING Heroism.
 46350 | Vaults:5 | 46350 ||| Stepping ~*~*~tactically~*~*~ (hiding).
 46375 | Vaults:5 | 46375 ||| Stepping ~*~*~tactically~*~*~ (stealth).
 46376 | Vaults:5 | 46376 ||| Stepping ~*~*~tactically~*~*~ (stealth).
 46378 | Vaults:5 | 46378 ||| Stepping ~*~*~tactically~*~*~ (stealth).
 46379 | Vaults:5 | 46379 ||| Stepping ~*~*~tactically~*~*~ (stealth).
 46380 | Vaults:5 | 46380 ||| Stepping ~*~*~tactically~*~*~ (stealth).
 46382 | Vaults:5 | 46382 ||| Stepping ~*~*~tactically~*~*~ (hiding).
 46404 | Vaults:5 | Noticed Xtahua
 46419 | Vaults:5 | Killed Xtahua
 46428 | Vaults:5 | 46428 ||| Stepping ~*~*~tactically~*~*~ (hiding).
 46430 | Vaults:5 | 46430 ||| Stepping ~*~*~tactically~*~*~ (stealth).
 46431 | Vaults:5 | 46431 ||| INVOKING Heroism.
 46432 | Vaults:5 | 46432 ||| INVOKING Finesse.
 46452 | Vaults:5 | Killed Mennas
 46452 | Vaults:5 | Received a gift from Okawaru
 46453 | Vaults:5 | 46453 ||| Stepping ~*~*~tactically~*~*~ (hiding).
 46509 | Vaults:5 | Identified the amulet of Keobri {RegenMP rPois rC++}
 46515 | Vaults:5 | 46515 ||| INVOKING Heroism.
 46518 | Vaults:5 | Noticed an ancient lich
 46519 | Vaults:5 | 46519 ||| INVOKING Finesse.
 46548 | Vaults:5 | Killed an ancient lich
 46653 | Vaults:5 | 46653 ||| INVOKING Heroism.
 46668 | Vaults:5 | Reached skill level 22 in Fighting
 46670 | Vaults:5 | Identified the +10 quarterstaff of the Final Decision
                  | {vorpal, Will- Str+7 Dex+3}
 46670 | Vaults:5 | Identified the ring of a Billion Wars {Will+ rCorr}
 46708 | Vaults:5 | 46708 ||| INVOKING Heroism.
 46746 | Vaults:5 | Identified a scroll of acquirement
 46749 | Vaults:5 | 46749 ||| READING scroll of acquirement.
 46749 | Vaults:5 | 46749 ||| ACQUIRING 954 gold pieces
 46749 | Vaults:5 | Acquired 954 gold pieces
 46794 | Vaults:5 | 46794 ||| Stepping ~*~*~tactically~*~*~ (stealth).
 46796 | Vaults:5 | 46796 ||| Stepping ~*~*~tactically~*~*~ (hiding).
 46826 | Vaults:5 | 46826 ||| Stepping ~*~*~tactically~*~*~ (stealth).
 46828 | Vaults:5 | 46828 ||| INVOKING Heroism.
 46898 | Vaults:5 | 46898 ||| Stepping ~*~*~tactically~*~*~ (hiding).
 46903 | Vaults:5 | 46903 ||| INVOKING Heroism.
 46920 | Vaults:5 | 46920 ||| Stepping ~*~*~tactically~*~*~ (hiding).
 47216 | Vaults:5 | 47216 ||| INVOKING Heroism.
 47280 | Vaults:5 | Identified the +3 shortbow of the Hurtling Gods {flame,
                  | Dex+2}
 47304 | Vaults:5 | Identified the +9 ice dragon scales of Moral Flaws {Rampage
                  | rPois rF- rC++ SInv}
 47309 | Vaults:5 | Identified the +5 ring mail of Pathos {Rampage Str-3 Int+7}
 47316 | Vaults:5 | Got a silver rune of Zot
 47386 | Vaults:5 | 47386 ||| READING scroll of acquirement.
 47386 | Vaults:5 | 47386 ||| ACQUIRING ring "Icynaju" {rC+ rN+ rCorr AC+4
                  | Int-4}
 47386 | Vaults:5 | Acquired the ring "Icynaju" {rC+ rN+ rCorr AC+4 Int-4}
 47388 | Vaults:5 | 47388 ||| DROPPING ring of resist corrosion.
 47399 | Vaults:5 | 47399 ||| INVOKING Heroism.
 47440 | Vaults:5 | Identified the +3 rapier "Yliguc" {venom, Dex+3}
 47447 | Vaults:5 | 47447 ||| READING scroll of enchant armour.
 47447 | Vaults:5 | 47447 ||| ENCHANTING +5 plate armour of fire resistance.
 47452 | Vaults:5 | 47452 ||| Stepping ~*~*~tactically~*~*~ (hiding).
 47458 | Vaults:5 | 47458 ||| INVOKING Heroism.
 47671 | Vaults:5 | 47671 ||| INVOKING Heroism.
 47731 | Vaults:5 | 47731 ||| PLANNING SHOPPING SPREE
 47731 | Vaults:5 | 47731 ||| UPGRADING to +2 tower shield "Jaebeos" {*Corrode
                  | rF+++ Will+++ Int+4}.
 47741 | Vaults:5 | 47741 ||| DROPPING +0 ice dragon scales.
 47742 | Vaults:5 | 47742 ||| UPGRADING to +2 cloak.
 47752 | Vaults:5 | 47752 ||| DROPPING scarf of resistance.
 47753 | Vaults:5 | 47753 ||| UPGRADING to +9 ice dragon scales of Moral Flaws
                  | {Rampage rPois rF- rC++ SInv}.
 47763 | Vaults:5 | 47763 ||| UPGRADING to ring of the Raven {rElec rC+ rN+}.
 47765 | Vaults:5 | 47765 ||| UPGRADING to +4 ring of evasion.
 47767 | Vaults:5 | 47767 ||| DROPPING ring of resist corrosion.
 47768 | Vaults:5 | 47768 ||| UPGRADING to +4 ring of evasion.
 47770 | Vaults:5 | 47770 ||| DROPPING ring of protection from cold.
 47771 | Vaults:5 | 47771 ||| UPGRADING to ring "Icynaju" {rC+ rN+ rCorr AC+4
                  | Int-4}.
 47773 | Vaults:5 | 47773 ||| DROPPING +4 ring of evasion.
 48042 | Orc:2    | 48042 ||| BUYING potion of haste (110 gold).
 48042 | Orc:2    | Bought a potion of haste for 110 gold pieces
 48042 | Orc:2    | 48042 ||| BUYING potion of haste (110 gold).
 48042 | Orc:2    | Bought a potion of haste for 110 gold pieces
 48042 | Orc:2    | 48042 ||| BUYING potion of heal wounds (55 gold).
 48042 | Orc:2    | Bought a potion of heal wounds for 55 gold pieces
 48042 | Orc:2    | 48042 ||| BUYING potion of lignification (33 gold).
 48042 | Orc:2    | Bought a potion of lignification for 33 gold pieces
 48042 | Orc:2    | 48042 ||| BUYING potion of mutation (88 gold).
 48042 | Orc:2    | Bought a potion of mutation for 88 gold pieces
 48042 | Orc:2    | 48042 ||| BUYING potion of mutation (88 gold).
 48042 | Orc:2    | Bought a potion of mutation for 88 gold pieces
 48042 | Orc:2    | 48042 ||| BUYING potion of resistance (110 gold).
 48042 | Orc:2    | Bought a potion of resistance for 110 gold pieces
 48166 | D:8      | 48166 ||| BUYING scroll of enchant armour (90 gold).
 48166 | D:8      | Bought a scroll of enchant armour for 90 gold pieces
 48166 | D:8      | 48166 ||| BUYING scroll of teleportation (36 gold).
 48166 | D:8      | Bought a scroll of teleportation for 36 gold pieces
 48291 | Orc:2    | 48291 ||| BUYING 2 potions of lignification (102 gold).
 48291 | Orc:2    | Bought 2 potions of lignification for 102 gold pieces
 48291 | Orc:2    | 48291 ||| BUYING potion of attraction (51 gold).
 48291 | Orc:2    | Bought a potion of attraction for 51 gold pieces
 48291 | Orc:2    | 48291 ||| BUYING potion of curing (51 gold).
 48291 | Orc:2    | Bought a potion of curing for 51 gold pieces
 48291 | Orc:2    | 48291 ||| BUYING potion of haste (170 gold).
 48291 | Orc:2    | Bought a potion of haste for 170 gold pieces
 48291 | Orc:2    | 48291 ||| BUYING potion of lignification (51 gold).
 48291 | Orc:2    | Bought a potion of lignification for 51 gold pieces
 48327 | Orc:2    | 48327 ||| BUYING scroll of brand weapon (313 gold).
 48327 | Orc:2    | Bought a scroll of brand weapon for 313 gold pieces
 48327 | Orc:2    | 48327 ||| BUYING scroll of brand weapon (313 gold).
 48327 | Orc:2    | Bought a scroll of brand weapon for 313 gold pieces
 48517 | Depths:1 | 48517 ||| BUYING ring of Qeushrual {rElec rN++ rCorr EV+4
                  | Int-3} (1076 gold).
 48517 | Depths:1 | Bought the ring of Qeushrual {rElec rN++ rCorr EV+4 Int-3}
                  | for 1076 gold pieces
 48517 | Depths:1 | 48517 ||| UPGRADING to ring of Qeushrual {rElec rN++ rCorr
                  | EV+4 Int-3}.
 48519 | Depths:1 | 48519 ||| DROPPING ring of a Billion Wars {Will+ rCorr}.
 48520 | Depths:1 | 48520 ||| DROPPING +4 ring of evasion.
 48521 | Depths:1 | 48521 ||| PLANNING ZOT:1-4
 48595 | Zot:1    | Entered Level 1 of the Realm of Zot
 48601 | Zot:1    | 48601 ||| INVOKING Heroism.
 48662 | Zot:1    | 48662 ||| Stepping ~*~*~tactically~*~*~ (hiding).
 48664 | Zot:1    | 48664 ||| Stepping ~*~*~tactically~*~*~ (hiding).
 48840 | Zot:1    | 48840 ||| Stepping ~*~*~tactically~*~*~ (hiding).
 48889 | Zot:1    | 48889 ||| INVOKING Heroism.
 48934 | Zot:1    | 48934 ||| INVOKING Heroism.
 49085 | Zot:1    | Identified the +1 ring mail of the Archfiend {Will- Dex+7}
 49087 | Zot:1    | Noticed a golden dragon
 49088 | Zot:1    | 49088 ||| INVOKING Heroism.
 49103 | Zot:1    | Killed a golden dragon
 49115 | Zot:1    | 49115 ||| INVOKING Heroism.
 49131 | Zot:1    | 49131 ||| DRINKING 4 potions of cancellation.
 49203 | Zot:1    | Found the +4 dragonskin cloak
 49203 | Zot:1    | Noticed Tiamat
 49204 | Zot:1    | 49204 ||| INVOKING Heroism.
 49205 | Zot:1    | 49205 ||| INVOKING Finesse.
 49225 | Zot:1    | Received a gift from Okawaru
 49279 | Zot:1    | 49279 ||| INVOKING Finesse.
 49289 | Zot:1    | Killed Tiamat
 49474 | Zot:1    | 49474 ||| INVOKING Heroism.
 49478 | Zot:1    | Reached skill level 23 in Fighting
 49619 | Zot:1    | 49619 ||| Stepping ~*~*~tactically~*~*~ (hiding).
 49810 | Zot:1    | 49810 ||| UPGRADING to +4 dragonskin cloak.
 49820 | Zot:1    | 49820 ||| DROPPING +2 cloak.
 49886 | Zot:2    | Noticed a curse toe
 49887 | Zot:2    | 49887 ||| INVOKING Heroism.
 49891 | Zot:2    | Killed a curse toe
 49891 | Zot:2    | Received a gift from Okawaru
 49892 | Zot:2    | Reached XP level 24. HP: 171/171 MP: 28/30
 49998 | Zot:2    | 49998 ||| INVOKING Heroism.
 50056 | Zot:2    | 50056 ||| INVOKING Heroism.
 50111 | Zot:2    | Received a gift from Okawaru
 50161 | Zot:2    | 50161 ||| INVOKING Heroism.
 50238 | Zot:2    | 50238 ||| INVOKING Heroism.
 50357 | Zot:2    | 50357 ||| INVOKING Heroism.
 50365 | Zot:2    | 50365 ||| Stepping ~*~*~tactically~*~*~ (hiding).
 50376 | Zot:2    | 50376 ||| Stepping ~*~*~tactically~*~*~ (stealth).
 50378 | Zot:2    | 50378 ||| Stepping ~*~*~tactically~*~*~ (hiding).
 50579 | Zot:2    | Noticed an orb of fire
 50580 | Zot:2    | 50580 ||| DRINKING 6 potions of resistance.
 50581 | Zot:2    | 50581 ||| INVOKING Heroism.
 50581 | Zot:2    | Gained mutation: You are clumsy. (Dex -2) [an orb of fire]
 50582 | Zot:2    | 50582 ||| INVOKING Finesse.
 50583 | Zot:2    | Gained mutation: Your body sometimes deteriorates upon
                  | taking damage. [an orb of fire]
 50606 | Zot:2    | Killed an orb of fire
 50924 | Zot:3    | Received a gift from Okawaru
 50925 | Zot:3    | Reached skill level 24 in Fighting
 51126 | Zot:3    | 51126 ||| Stepping ~*~*~tactically~*~*~ (stealth).
 51164 | Zot:3    | 51164 ||| Stepping ~*~*~tactically~*~*~ (hiding).
 51169 | Zot:3    | 51169 ||| INVOKING Heroism.
 51170 | Zot:3    | Noticed Parghit
 51171 | Zot:3    | 51171 ||| INVOKING Finesse.
 51220 | Zot:3    | Killed Parghit
 51323 | Zot:3    | You are sucked into a shaft and drop 1 floor!
 51336 | Zot:4    | 51336 ||| INVOKING Heroism.
 51501 | Zot:4    | 51501 ||| DROPPING +6 plate armour of fire resistance.
 51502 | Zot:4    | 51502 ||| DROPPING +0 gold dragon scales.
 51505 | Zot:4    | 51505 ||| INVOKING Heroism.
 51530 | Zot:3    | 51530 ||| READING 11 scrolls of teleportation.
 51636 | Zot:3    | 51636 ||| READING 10 scrolls of teleportation.
 51639 | Zot:3    | 51639 ||| Stepping ~*~*~tactically~*~*~ (stealth).
 51640 | Zot:3    | 51640 ||| Stepping ~*~*~tactically~*~*~ (stealth).
 51696 | Zot:3    | 51696 ||| Stepping ~*~*~tactically~*~*~ (hiding).
 51700 | Zot:3    | 51700 ||| INVOKING Heroism.
 51720 | Zot:3    | 51720 ||| Stepping ~*~*~tactically~*~*~ (hiding).
 51721 | Zot:3    | 51721 ||| Stepping ~*~*~tactically~*~*~ (hiding).
 51722 | Zot:3    | 51722 ||| Stepping ~*~*~tactically~*~*~ (hiding).
 51745 | Zot:3    | 51745 ||| INVOKING Heroism.
 51757 | Zot:3    | Received a gift from Okawaru
 51762 | Zot:3    | Reached skill level 21 in Armour
 51821 | Zot:3    | 51821 ||| Stepping ~*~*~tactically~*~*~ (hiding).
 51847 | Zot:3    | 51847 ||| FLEEEEING.
 51850 | Zot:3    | 51850 ||| Stepping ~*~*~tactically~*~*~ (hiding).
 51888 | Zot:3    | 51888 ||| Stepping ~*~*~tactically~*~*~ (hiding).
 51927 | Zot:3    | 51927 ||| READING 9 scrolls of teleportation.
 51933 | Zot:3    | 51933 ||| FLEEEEING.
 51934 | Zot:3    | 51934 ||| FLEEEEING.
 51935 | Zot:3    | 51935 ||| FLEEEEING.
 52060 | Zot:3    | 52060 ||| Stepping ~*~*~tactically~*~*~ (hiding).
 52068 | Zot:3    | 52068 ||| INVOKING Heroism.
 52086 | Zot:3    | Received a gift from Okawaru
 52178 | Zot:3    | 52178 ||| INVOKING Heroism.
 52301 | Zot:3    | 52301 ||| INVOKING Heroism.
 52342 | Zot:3    | 52342 ||| Stepping ~*~*~tactically~*~*~ (hiding).
 52709 | Zot:4    | 52709 ||| INVOKING Heroism.
 52760 | Zot:4    | 52760 ||| INVOKING Heroism.
 52788 | Zot:4    | Received a gift from Okawaru
 52826 | Zot:4    | 52826 ||| INVOKING Heroism.
 52898 | Zot:4    | 52898 ||| INVOKING Heroism.
 52915 | Zot:4    | HP: 40/174 [white draconian stormcaller/divine providence
                  | (12)]
 52916 | Zot:4    | 52916 ||| READING 9 scrolls of teleportation.
 52917 | Zot:4    | 52917 ||| DRINKING 9 potions of heal wounds.
 52924 | Zot:4    | HP: 35/174 [white draconian stormcaller/divine providence
                  | (12)]
 52925 | Zot:4    | 52925 ||| DRINKING 8 potions of heal wounds.
 52965 | Zot:4    | Identified the +0 chain mail "Qicash" {Dex+6} (Okawaru
                  | gifted it to you on level 4 of the Realm of Zot)
 52965 | Zot:4    | Received a gift from Okawaru
 52977 | Zot:4    | 52977 ||| INVOKING Heroism.
 52983 | Zot:4    | Reached XP level 25. HP: 180/180 MP: 22/30
 53050 | Zot:4    | 53050 ||| INVOKING Heroism.
 53071 | Zot:4    | 53071 ||| INVOKING Heroism.
 53086 | Zot:4    | HP: 38/180 [white draconian stormcaller/divine providence
                  | (16)]
 53087 | Zot:4    | 53087 ||| READING 8 scrolls of teleportation.
 53088 | Zot:4    | 53088 ||| DRINKING 7 potions of heal wounds.
 53094 | Zot:4    | HP: 36/180 [white draconian stormcaller/divine providence
                  | (13)]
 53095 | Zot:4    | 53095 ||| DRINKING 6 potions of heal wounds.
 53100 | Zot:4    | HP: 41/180 [white draconian stormcaller/divine providence
                  | (16)]
 53101 | Zot:4    | 53101 ||| DRINKING 5 potions of heal wounds.
 53466 | Zot:4    | 53466 ||| INVOKING Heroism.
 53477 | Zot:4    | 53477 ||| READING 7 scrolls of teleportation.
 53478 | Zot:4    | 53478 ||| Stepping randomly (stuck).
 53486 | Zot:4    | HP: 41/180 [white draconian stormcaller/divine providence
                  | (11)]
 53487 | Zot:4    | 53487 ||| DRINKING 4 potions of heal wounds.
 53488 | Zot:4    | 53488 ||| DRINKING 3 potions of heal wounds.
 53832 | Zot:4    | 53832 ||| INVOKING Heroism.
 53860 | Zot:4    | HP: 43/180 [white draconian stormcaller/divine providence
                  | (12)]
 53861 | Zot:4    | 53861 ||| READING 6 scrolls of teleportation.
 53862 | Zot:4    | 53862 ||| DRINKING 2 potions of heal wounds.
 53867 | Zot:4    | HP: 44/180 [white draconian stormcaller/divine providence
                  | (9)]
 53868 | Zot:4    | 53868 ||| DRINKING potion of heal wounds.
 54223 | Zot:4    | 54223 ||| FLEEEEING.
 54224 | Zot:4    | 54224 ||| FLEEEEING.
 54228 | Zot:4    | 54228 ||| FLEEEEING.
 54229 | Zot:4    | 54229 ||| FLEEEEING.
 54230 | Zot:4    | 54230 ||| FLEEEEING.
 54231 | Zot:4    | 54231 ||| FLEEEEING.
 54232 | Zot:4    | 54232 ||| FLEEEEING.
 54233 | Zot:4    | 54233 ||| FLEEEEING.
 54234 | Zot:4    | 54234 ||| FLEEEEING.
 54235 | Zot:4    | 54235 ||| FLEEEEING.
 54236 | Zot:4    | 54236 ||| FLEEEEING.
 54237 | Zot:4    | 54237 ||| FLEEEEING.
 54238 | Zot:4    | 54238 ||| FLEEEEING.
 54239 | Zot:4    | 54239 ||| FLEEEEING.
 54240 | Zot:4    | 54240 ||| FLEEEEING.
 54241 | Zot:4    | 54241 ||| FLEEEEING.
 54242 | Zot:4    | 54242 ||| FLEEEEING.
 54243 | Zot:4    | 54243 ||| FLEEEEING.
 54244 | Zot:4    | 54244 ||| FLEEEEING.
 54246 | Zot:4    | 54246 ||| FLEEEEING.
 54247 | Zot:4    | 54247 ||| FLEEEEING.
 54248 | Zot:4    | 54248 ||| STAIRDANCE
 54300 | Zot:3    | 54300 ||| DROPPING +1 cloak.
 54303 | Zot:4    | 54303 ||| INVOKING Heroism.
 54564 | Zot:4    | 54564 ||| INVOKING Heroism.
 54614 | Zot:4    | HP: 41/180 [rime drake/flash freeze[a white draconian
                  | stormcaller] (16)]
 54615 | Zot:4    | 54615 ||| READING 5 scrolls of teleportation.
 54619 | Zot:4    | HP: 31/180 [white draconian stormcaller/divine providence
                  | (12)]
 54620 | Zot:4    | 54620 ||| FLEEEEING.
 54621 | Zot:4    | 54621 ||| FLEEEEING.
 54622 | Zot:4    | 54622 ||| FLEEEEING.
 54624 | Zot:4    | 54624 ||| FLEEEEING.
 54625 | Zot:4    | 54625 ||| FLEEEEING.
 55028 | Zot:4    | 55028 ||| FLEEEEING.
 55029 | Zot:4    | 55029 ||| FLEEEEING.
 55030 | Zot:4    | 55030 ||| FLEEEEING.
 55031 | Zot:4    | 55031 ||| FLEEEEING.
 55032 | Zot:4    | 55032 ||| FLEEEEING.
 55033 | Zot:4    | 55033 ||| INVOKING Heroism.
 55034 | Zot:4    | 55034 ||| Stepping randomly (cloudy).
 55057 | Zot:4    | HP: 42/180 [white draconian stormcaller/divine providence
                  | (15)]
 55058 | Zot:4    | 55058 ||| READING 4 scrolls of teleportation.
 55062 | Zot:4    | 55062 ||| INVOKING Heroism.
 55065 | Zot:4    | HP: 33/180 [white draconian stormcaller/divine providence
                  | (11)]
 55072 | Zot:4    | HP: 24/180 [white draconian stormcaller/divine providence
                  | (11)]
 55485 | Zot:4    | 55485 ||| FLEEEEING.
 55565 | Zot:4    | 55565 ||| FLEEEEING.
 55623 | Zot:4    | 55623 ||| FLEEEEING.
 55703 | Zot:4    | 55703 ||| INVOKING Heroism.
 55743 | Zot:4    | HP: 43/180 [white draconian stormcaller/divine providence
                  | (16)]
 55744 | Zot:4    | 55744 ||| READING 3 scrolls of teleportation.
 55752 | Zot:4    | HP: 43/180 [death drake[a white draconian stormcaller] (3)]
 55756 | Zot:4    | 55756 ||| INVOKING Heroism.
 55759 | Zot:4    | 55759 ||| READING 2 scrolls of teleportation.
 55759 | Zot:4    | HP: 36/180 [white draconian stormcaller/divine providence
                  | (9)]
 55761 | Zot:4    | HP: 9/180 [red draconian scorcher/damnation (28)]
 55762 | Zot:4    | Killed from afar by a white draconian stormcaller

Levels and vault maps discovered:
D:1:      saegor_arrival_simple_e, layout_basic,
          ebering_ecumenical_altar_abandoned, nicolae_wormholes
D:2:      layout_loops_ring, basic_altar, minmay_tripent
D:3:      layout_loops_cross, grunt_qazlal_sundering,
          mainiacjoe_overflow_alcove_1, kennysheep_pointless_box
D:4:      wad_lake_hut, layout_basic, trog_three_pillars_becter,
          minmay_temple_entry_tees, serial_shops, shop, amethyst_killhole,
          minmay_fountain_box
D:5:      layout_basic, okawaru_ov_weapons_minmay, serial_bayou_crossing,
          uniq_blork_the_orc
D:6:      layout_rooms, kennysheep_mini, mainiacjoe_overflow_24_doors,
          st_stairs_3
D:7:      layout_layer_cave, serial_shops, shop, uniq_prince_ribbit1
D:8:      layout_loops_ring, lemuel_coloured_pillars_altar, serial_shops,
          nicolae_shop_waterfront
D:9:      layout_rooms, grunt_ministairs_7
D:10:     layout_loops_cross, gammafunk_temple_overflow_claw,
          nicolae_dithmenos_through_a_glass_darkly, david_lair_generic,
          david_orc_2, hangedman_decor_diamond_cutter,
          hangedman_decor_slide_cut, kennysheep_another_room,
          minmay_misc_feat_columns, minmay_misc_feat_roman,
          minmay_misc_feat_ornament, lemuel_flame_loot_1, uniq_erolcha
D:11:     layout_gridville, uniq_nergalle
D:12:     layout_long_grid, uniq_azrael
D:13:     layout_basic, uniq_snorg
D:14:     layout_irregular_city, david_vaults_5, portal_ice_cave_entry_dragon,
          minmay_misc_feat_iff, nrook_mini_backslash
D:15:     gammafunk_depths_entry_grave, layout_rooms, serial_glass,
          glass_columns_a, glass_columns_a, item_on_display_a,
          due_unseen_surprise, minmay_strange_pillars, minmay_strange_pillars,
          nicolae_looking_at_the_future, uniq_rupert, uniq_josephine
Temple:   jpeg_temple_clearing
Lair:1:   gammafunk_boulding_lane, layout_gridlike, grunt_megastairs_2,
          infiniplex_staircase_pool_2, uniq_fannar
Lair:2:   nzn_winding_woodlands_stair_cross [nzn_winding_woodlands_5x15_garden,
          nzn_winding_woodlands_center_diamonds,
          nzn_winding_woodlands_5x15_split_checker,
          nzn_winding_woodlands_5x5_default,
          nzn_winding_woodlands_5x5_checkerboard,
          nzn_winding_woodlands_5x15_parted,
          nzn_winding_woodlands_center_garden,
          nzn_winding_woodlands_5x15_crooked], layout_chaotic_city, swamp_mist,
          cheibrodos_lair_lostbears, grunt_megastairs_4
Lair:3:   layout_cave_pods, hellmonk_spider_entry_life_and_decay, basic_altar
Lair:4:   layout_cave_pods, dpeg_slime_entry_corner, wad_woods_road_01,
          serial_bayou_pond_e, cheibrodos_lair_reptile_den, serial_bayou_shore_b
Lair:5:   cheibrodos_lair_end_hotspot, layout_misc_corridors, lemuel_fruit_tree
Swamp:1:  layout_basic_swamp, hangedman_swamp_ruin_wall,
          hangedman_swamp_phenomena, uniq_kirke
Swamp:2:  layout_basic_swamp, hangedman_swamp_ruin_hall, swamp_pool1
Swamp:3:  layout_falls_marsh, evilmike_swamp_ruin_house_5
Swamp:4:  swamp_vile, layout_basic_swamp, infiniplex_staircase_pool
Spider:1: layout_spider_delve, nicolae_spider_webs_and_nodes, uniq_louise
Spider:2: layout_chambers
Spider:3: layout_spider_delve, uniq_aizul, uniq_bai_suzhen
Spider:4: spider_rune_water, uniq_agnes
Orc:1:    layout_caves, lemuel_statue_altar
Orc:2:    st_orc_mages, layout_caves, serial_shops,
          nicolae_shop_overgrown_old_shop
Vaults:1: vaults_dpeg_encased_lava, grunt_vaults_funnel,
          nicolae_vaults_diagonal_hallway_7, vaults_room_door_ring, v_pattern_2,
          vaults_room_large_hall, vaults_room_grunt_arrival_checkpoint,
          layout_vaults_omnigrid
Vaults:2: nicolae_vaults_network_quinsquares
          [nicolae_vaults_network_quincunx_subvault,
          nicolae_vaults_network_quincunx_subvault,
          nicolae_vaults_network_quincunx_subvault,
          nicolae_vaults_network_quincunx_subvault],
          minmay_crypt_entry_necro_gods, v_misc_16, v_misc_30,
          nicolae_vaults_network_square, hangedman_vaults_slice,
          nicolae_vaults_stairing_the_circle, vaults_dpeg_spiral,
          dpeg_vaults_monster_box, nicolae_vaults_little_squares_5, st_diamondy,
          v_misc_25, layout_vaults_big_cross, uniq_margery
Vaults:3: ontoclasm_vaults_ring_square, vaults_dpeg_hooks, v_rooms_5,
          nicolae_vaults_big_angled_halls, vaults_room_large_hall,
          nicolae_vaults_shelves_hall, nicolae_vaults_little_squares_2,
          vaults_standard_mumra_x, st_more_cells,
          nicolae_vaults_diagonal_hallway_6, nicolae_vaults_bisected_slash,
          layout_vaults_chaotic_city, serial_shops, shop
Vaults:4: portal_desolation_entry_garden, nicolae_vaults_angled_halls,
          hangedman_vaults_nails, ontoclasm_vaults_chip, v_misc_12,
          nicolae_vaults_triangles, vaults_room_fours, hangedman_vaults_slice,
          vaults_dpeg_cross, gammafunk_sealed_arena, v_misc_14,
          layout_vaults_maze, serial_shops, bzr_entry_water
Vaults:5: serial_shops, uniq_xtahua, uniq_mennas
Depths:1: layout_forbidden_donut, grunt_decor_junction, hell_entry,
          grunt_gozag_statues, minmay_shop_grove, serial_bayou_shore_b,
          uniq_nikola
Depths:2: kennysheep_cluttered_fort, layout_cave_pools, grunt_mini_vestibule,
          kennysheep_crisscross, pan_entry
Depths:3: four-leaf_vault, layout_cross, nicolae_wu_jian_immortal_techniques,
          hellmouth_3, abyss_entry, infiniplex_staircase_river
Depths:4: grunt_zot_entry_alcove, layout_basic, enter_ziggurat_b,
          abyss_entry_small_statue_room, nemelex_altar_shiori, serial_shops,
          nicolae_shop_bloodbath_and_beyond, hell_entry,
          grunt_pan_entry_in_and_out
Zot:1:    kennysheep_blocky_hall, layout_onion_interference, uniq_tiamat
Zot:2:    minmay_elemental_castle, layout_cellular_growth
Zot:3:    layout_basic, guppyfry_library_mini, uniq_parghit
Zot:4:    lemuel_draconian_sentries, layout_misc_corridors, grunt_ministairs_7,
          lemuel_elevator

Skill      XL: |  1  2  3  4  5  6  7  8  9 10 11 12 13 14 15 16 17 18 19 20 21 22 23 24 |
---------------+-------------------------------------------------------------------------+-----
Axes           | 2 3 4 5 6 7 8 9 10 11 12 14 16 | 16.0
Fighting       | 4 5 6 7 8 9 10 11 12 13 14 16 17 19 20 21 23 24 | 24.9
Dodging        | 1 2 4 5 6 7 8 9 10 | 10.0
Armour         | 4 6 7 8 9 10 11 13 14 16 17 18 19 20 21 | 21.0
Invocations    | 2 4 8 10 | 10.0
Shields        | 4 6 7 10 15 18 19 20 21 22 | 22.0
Throwing       | 3 5 6 7 8 9 10 11 12 13 14 | 14.0

Action                   |  1- 3 |  4- 6 |  7- 9 | 10-12 | 13-15 | 16-18 | 19-21 | 22-24 | 25-27 || total
-------------------------+-------+-------+-------+-------+-------+-------+-------+-------+-------++-------
Melee: War axe           |   142 |   156 |   275 |   457 |  1210 |  1453 |  1560 |  1829 |   242 ||  7324
       Morningstar       |       |       |       |     9 |    15 |    44 |       |       |       ||    68
Throw: Javelin           |       |       |       |    19 |   141 |   153 |    85 |    33 |       ||   431
       Boomerang         |       |       |       |     1 |     1 |    17 |    24 |     7 |       ||    50
Invok: Heroism           |       |       |     8 |    26 |    42 |    48 |    33 |    53 |    10 ||   220
       Finesse           |       |       |       |     3 |    11 |    11 |    16 |    15 |       ||    56
  Use: Scroll            |     2 |    12 |    12 |     6 |    10 |     7 |     3 |     9 |     7 ||    68
       Potion            |       |     3 |     1 |     1 |       |     4 |     2 |     6 |     7 ||    24
 Stab: Distracted        |       |       |     1 |     1 |       |       |     1 |       |       ||     3
       Confused          |       |       |       |       |       |       |       |     1 |     3 ||     4
Armor: Scale mail        |    74 |    49 |       |       |       |       |       |       |       ||   123
       Chain mail        |       |    22 |   145 |       |       |       |       |       |       ||   167
       Plate armour      |       |       |    27 |   186 |   515 |   762 |   679 |   275 |       ||  2444
       Ice dragon scales |       |       |       |       |       |       |       |   522 |    71 ||   593
Dodge: Dodged            |    71 |    52 |   109 |   107 |   289 |   406 |   412 |   639 |    60 ||  2145
Block: Buckler           |    37 |    21 |    55 |   183 |   427 |       |       |       |       ||   723
       Reflection        |       |       |       |     6 |     8 |    38 |    75 |    52 |     5 ||   184
       Kite shield       |       |       |       |       |    52 |    93 |       |       |       ||   145
       Tower shield      |       |       |       |       |       |  1650 |  1563 |  1998 |   220 ||  5431

Table legend:
 A = Non-vault XP
 B = Vault XP
 C = Vault XP percentage of total XP
 D = Non-vault monster count
 E = Vault monster count
 F = Vault count percentage of total count
                 A         B        C        D         E       F
            +---------+---------+-------+---------+---------+-------
      Total |  551183 |  419602 |  43.2 |    1070 |     601 |  36.0
            +---------+---------+-------+---------+---------+-------
        D:1 |      73 |       5 |   6.4 |      39 |       1 |   2.5
        D:2 |      56 |       3 |   5.1 |      20 |       2 |   9.1
        D:3 |     121 |       0 |   0.0 |      27 |       0 |   0.0
        D:4 |     556 |       0 |   0.0 |      17 |       0 |   0.0
        D:5 |     568 |      96 |  14.5 |      12 |       1 |   7.7
        D:6 |     836 |     236 |  22.0 |      22 |       3 |  12.0
        D:7 |     904 |     277 |  23.5 |      13 |       1 |   7.1
        D:8 |     699 |       0 |   0.0 |      18 |       0 |   0.0
        D:9 |    1182 |     397 |  25.1 |      10 |       2 |  16.7
       D:10 |    1180 |    2209 |  65.2 |       9 |      12 |  57.1
       D:11 |    5501 |     767 |  12.2 |      21 |       1 |   4.5
       D:12 |    3650 |    2106 |  36.6 |      15 |       8 |  34.8
       D:13 |    6007 |     939 |  13.5 |      19 |       1 |   5.0
       D:14 |   13220 |    1750 |  11.7 |      26 |       2 |   7.1
       D:15 |    8447 |   11127 |  56.8 |      23 |      30 |  56.6
     Lair:1 |     554 |    1905 |  77.5 |       2 |       6 |  75.0
     Lair:2 |    7197 |    5386 |  42.8 |      24 |      20 |  45.5
     Lair:3 |    7534 |    1099 |  12.7 |      20 |       5 |  20.0
     Lair:4 |    4766 |    1049 |  18.0 |      16 |       7 |  30.4
     Lair:5 |   13927 |    6210 |  30.8 |      37 |      24 |  39.3
    Swamp:1 |    9880 |    3182 |  24.4 |      18 |       9 |  33.3
    Swamp:2 |   12320 |       0 |   0.0 |      22 |       0 |   0.0
    Swamp:3 |   11969 |       0 |   0.0 |      31 |       0 |   0.0
    Swamp:4 |   16242 |   19529 |  54.6 |      29 |      28 |  49.1
   Spider:1 |   20119 |    1199 |   5.6 |      58 |       1 |   1.7
   Spider:2 |   20918 |       0 |   0.0 |      49 |       0 |   0.0
   Spider:3 |    6761 |    4212 |  38.4 |      16 |       2 |  11.1
   Spider:4 |    4446 |   20064 |  81.9 |      12 |      41 |  77.4
      Orc:1 |    2959 |       0 |   0.0 |      18 |       0 |   0.0
      Orc:2 |    1426 |    5457 |  79.3 |      12 |      41 |  77.4
   Vaults:1 |   23182 |    7107 |  23.5 |      35 |      11 |  23.9
   Vaults:2 |   15802 |   36817 |  70.0 |      24 |      50 |  67.6
   Vaults:3 |   27004 |   14560 |  35.0 |      39 |      16 |  29.1
   Vaults:4 |   38011 |   47787 |  55.7 |      48 |      53 |  52.5
   Vaults:5 |    9694 |   70640 |  87.9 |      14 |      55 |  79.7
   Depths:1 |    7626 |    2366 |  23.7 |       9 |       1 |  10.0
   Depths:2 |   41193 |   10120 |  19.7 |      53 |       8 |  13.1
   Depths:3 |   25270 |   31213 |  55.3 |      30 |      31 |  50.8
   Depths:4 |   36856 |   22579 |  38.0 |      40 |      25 |  38.5
      Zot:1 |   39843 |   21083 |  34.6 |      36 |      16 |  30.8
      Zot:2 |   22421 |   20535 |  47.8 |      17 |      18 |  51.4
      Zot:3 |   37342 |   13224 |  26.2 |      32 |      10 |  23.8
      Zot:4 |   42921 |    4357 |   9.2 |      38 |       2 |   5.0
 Desolation |       0 |   28010 | 100.0 |       0 |      57 | 100.0
            +---------+---------+-------+---------+---------+-------
